 Dungeon Crawl Stone Soup version 0.31-a0-977-gc230f8ef24 (webtiles) character file.

Game seed: 7803835553222433056

1526037 EnegeticOcto the Blinker (level 25, 226/226 HPs)
             Began as a Felid Chaos Knight on Oct 25, 2023.
             Was a Favourite Plaything of Xom.
             Escaped with the Orb
             ... and 3 runes on Oct 29, 2023!
             The game lasted 03:19:08 (78706 turns).

EnegeticOcto the Blinker (Felid Chaos Knight)      Turns: 78706, Time: 03:19:08

Health: 226/226    AC: 17    Str: 14 (17) XL:     25   Next: 6%
Magic:  42/47      EV: 32    Int: 17      God:    Xom [...*..]
Gold:   8549       SH:  0    Dex: 30      Spells: 8/54 levels left
                                        Lives:  2   Deaths: 5

rFire   + +          .
                       - Unarmed
rCold   . . .        (shield unavailable)
rNeg    + . .        (body armour unavailable)
rPois   +            (helmet unavailable)
rElec   .            (cloak unavailable)
rCorr   .            (gloves unavailable)
SInv    +            (boots unavailable)
Will    +++++        X - amulet "Rauwn" {rC+ Regen+}
Stlth   ++           W - ring "Zikukon" {rN+ EV+5 Int+3 Stlth+}
HPRegen 1.37/turn    E - +4 ring of protection
MPRegen 0.30/turn

%: no passive effects
@: dragon-form, flying, studying 2 skills
A: dragon claw, dragon scales, breathe fire, flying, boosted hp, giant, (claws
1), (fangs 3), see invisible, (speed 1), (shaggy fur 3), (stealthy paws), no
weapons or thrown items, no armour, multi-lived, (large bone plates 1), agile 1,
high MP 1, strong-willed 3, (poison resistance), robust 2, subdued magic 1,
MP-powered wands
0: Orb of Zot
}: 3/15 runes: decaying, silver, gossamer
a: Breathe Fire, Begin Untransformation, Renounce Religion


You escaped.
You worshipped Xom.
You were a favourite toy of Xom.
You were a fearsome dragon!
You visited 10 branches of the dungeon, and saw 50 of its levels.
You also visited: Gauntlet and Wizlab.

You collected 9972 gold pieces.
You spent 1423 gold pieces at shops.

Inventory:

Jewellery
 m - the amulet of Eternal Night {RegenMP rC+ Str+5}
   (You took it off a deep elf elementalist on level 3 of the Elven Halls)

   [amulet of magic regeneration]

   RegenMP:   It increases your rate of magic regeneration.
   Str+5:     It affects your strength (+5).
   rC+:       It protects you from cold.
 n - the brooch of Shielding {Spirit SH+8}
   (You took it off a deep elf demonologist on level 3 of the Elven Halls)

   [amulet of guardian spirit]

   Spirit:    It causes incoming damage to be divided between your reserves of
   health and magic.
   SH+8:      It affects your SH (+8).
 x - a ring of resist corrosion
   (You found it on level 4 of the Swamp)
 A - the ring of Wesidawke {rC+ Str+2}
   (You took it off a deep elf blademaster on level 3 of the Elven Halls)

   [ring of protection from cold]

   Str+2:     It affects your strength (+2).
   rC+:       It protects you from cold.
 E - a +4 ring of protection (right foreclaw)
   (You found it on level 2 of the Lair of Beasts)
 L - the ring "Rucaopenn" {*Slow +Blink rN+ rCorr}
   (You took it off an ironbound preserver on level 5 of the Vaults)

   [ring of resist corrosion]

   rN+:       It protects you from negative energy.
   +Blink:    It lets you blink.
   rCorr:     It protects you from acid and corrosion.
   *Slow:     It may slow you when you take damage.
 M - an amulet of reflection
   (You found it on level 13 of the Dungeon)
 P - a ring of wizardry
   (You found it on level 14 of the Dungeon)
 W - the ring "Zikukon" (left foreclaw) {rN+ EV+5 Int+3 Stlth+}
   (You acquired it on level 4 of the Vaults)

   [ring of evasion]

   EV+5:      It affects your evasion (+5).
   Int+3:     It affects your intelligence (+3).
   rN+:       It protects you from negative energy.
   Stlth+:    It makes you more stealthy.
 X - the amulet "Rauwn" (around neck) {rC+ Regen+}
   (You acquired it on level 4 of the Vaults)

   [amulet of regeneration]

   rC+:       It protects you from cold.
   Regen+:    It increases your rate of health regeneration.
 Z - the ring of the King {rF+ Int+4}
   (You bought it in a shop on level 2 of the Orcish Mines)

   [ring of protection from fire]

   Int+4:     It affects your intelligence (+4).
   rF+:       It protects you from fire.
Talismans
 y - the dragon-blood talisman of the Serpent {rF+ Str+4 Int-5}
   (You found it on level 4 of the Depths)

   [dragon-blood talisman]

   Str+4:     It affects your strength (+4).
   Int-5:     It affects your intelligence (-5).
   rF+:       It protects you from fire.
 T - a maw talisman
   (You found it on level 3 of the Spider Nest)
 Y - a dragon-blood talisman (active)
   (You took it off Bai Suzhen on level 3 of the Spider Nest)
Wands
 j - a wand of quicksilver (17) {@v1}
   (You found it on level 2 of the Dungeon)
 p - a wand of digging (10) {@v3}
   (You found it on level 3 of the Swamp)
 q - a wand of flame (61) {@v4}
   (You found it on level 3 of the Dungeon)
 w - a wand of mindburst (23)
   (You found it on level 13 of the Dungeon)
 G - a wand of iceblast (37) {@v2}
   (You found it on level 4 of the Lair of Beasts)
 K - a wand of paralysis (24)
   (You found it on level 1 of the Vaults)
 Q - a wand of polymorph (32)
   (You found it on level 15 of the Dungeon)
Scrolls
 b - 5 scrolls of immolation
 c - 7 scrolls of revelation {@r5 !r}
 f - 10 scrolls of teleportation {@r3 !r}
 g - 4 scrolls of blinking {@r4}
 l - 17 scrolls of amnesia
 r - 4 scrolls of vulnerability
 s - 3 scrolls of fear {!r}
 t - 12 scrolls of fog {!r}
 H - a scroll of silence {!r}
 N - 4 scrolls of poison
 R - 2 scrolls of summoning
 S - 5 scrolls of torment
Potions
 a - 4 potions of heal wounds {@q2 !q}
 d - 17 potions of curing {@q1 !q}
 e - 10 potions of might {@q3 !q}
 h - 6 potions of attraction
 i - 6 potions of cancellation
 k - 8 potions of resistance
 o - 8 potions of lignification {@q6}
 u - 9 potions of brilliance
 C - 11 potions of mutation
 D - 10 potions of haste {@q4 !q}
 F - a potion of magic
 U - 5 potions of ambrosia
 V - 3 potions of enlightenment
Miscellaneous
 z - a tin of tremorstones (2/2)
   (You found it on level 4 of the Vaults)
 B - a phial of floods
   (Xom gifted it to you on level 8 of the Dungeon)
 I - a lightning rod (4/4)
   (You found it in a Gauntlet)
 J - a phantom mirror
   (You found it in a Gauntlet)


   Skills:
 - Level 20.0 Fighting
 - Level 20.0 Dodging
 - Level 8.6 Stealth
 - Level 20.0 Unarmed Combat
 + Level 15.4 Spellcasting
 - Level 8.0 Conjurations
 - Level 6.0 Necromancy
 - Level 20.1 Translocations
 - Level 12.7 Transmutations
 - Level 4.0 Air Magic
 - Level 8.8 Earth Magic
 - Level 10.0 Poison Magic
 - Level 9.0 Evocations
 + Level 18.8 Shapeshifting


You had 8 spell levels left.
You knew the following spells:

 Your Spells              Type           Power      Damage    Failure   Level
a - Vhi's Electric Charg  Tloc/Air       82%        N/A       1%          4
b - Petrify               Tmut/Erth      38%        N/A       1%          4
c - Sublimation of Blood  Necr           25%        N/A       1%          2
d - Mephitic Cloud        Conj/Pois/Air  29%        N/A       1%          3
e - Ignite Poison         Fire/Tmut/Pois 29%        N/A       1%          3
f - Alistair's Intoxicat  Tmut/Pois      26%        N/A       1%          5
g - Lesser Beckoning      Tloc           100%       N/A       0%          2
h - Manifold Assault      Tloc           58%        N/A       0%          4
i - Stone Arrow           Conj/Erth      64%        3d11      1%          3
j - Apportation           Tloc           100%       N/A       0%          1
k - Dispersal             Tloc           29%        N/A       1%          6
p - Passwall              Tmut/Erth      31%        N/A       1%          2
z - Irradiate             Conj/Tmut      18%        3d17      1%          5
Y - Blink                 Tloc           100%       N/A       0%          2

Your spell library contained the following spells:

 Spells                   Type           Power      Damage    Failure   Level
 Gell's Gravitas          Tloc           58%        N/A       0%          3
 Teleport Other           Tloc           58%        N/A       0%          3
 Foxfire                  Conj/Fire      80%        2x1d8     1%          1
 Kiss of Death            Conj/Necr      100%       2d13      1%          1
 Magic Dart               Conj           100%       1d8       1%          1
 Shock                    Conj/Air       100%       1d9       1%          1
 Sting                    Tmut/Pois      100%       1d8       1%          1
 Cigotuvi's Dreadful Rot  Necr/Pois/Air  54%        N/A       1%          2
 Poisonous Vapours        Pois/Air       56%        N/A       1%          2
 Static Discharge         Conj/Air       50%        3-6/arc   1%          2
 Wereblood                Tmut           43%        N/A       1%          2
 Dazzling Flash           Conj/Hex       40%        N/A       1%          3
 Hailstorm                Conj/Ice       20%        3d6       1%          3
 Swiftness                Air            20%        N/A       1%          3
 Vampiric Draining        Necr           25%        2d7       1%          3
 Volatile Blastmotes      Fire/Tloc      72%        2d16      1%          3
 Brom's Barrelling Bould  Conj/Erth      32%        2d5       1%          4
 Iskenderun's Mystic Bla  Conj/Tloc      46%        2d10      1%          4
 Olgreb's Toxic Radiance  Pois           36%        N/A       1%          4
 Summon Forest            Summ/Tloc      18%        N/A       1%          5
 Lee's Rapid Deconstruct  Erth           16%        3d10*     2%          5
 Freeze                   Ice            40%        1d6       3%          1
 Slow                     Hex            40%        N/A       3%          1
 Summon Small Mammal      Summ           40%        N/A       3%          1
 Dispel Undead            Necr           25%        3d12      3%          4
 Iskenderun's Battlesphe  Conj           31%        2d8       3%          5
 Borgnjor's Vile Clutch   Necr/Erth      14%        N/A       4%          5
 Eringya's Noxious Bog    Tmut/Pois      19%        4d6       5%          6
 Call Imp                 Summ           20%        N/A       6%          2
 Ensorcelled Hibernation  Hex/Ice        20%        N/A       6%          2
 Jinxbite                 Hex            20%        N/A       6%          2
 Scorch                   Fire           20%        2d5       6%          2
 Leda's Liquefaction      Hex/Erth       10%        N/A       6%          4
 Disjunction              Tloc           29%        N/A       7%          8
 Airstrike                Air            10%        2d(2-18)  8%          4
 Flame Wave               Conj/Fire      20%        2d7       8%          4
 Fulminant Prism          Conj/Hex       10%        3d8       8%          4
 Sticky Flame             Conj/Fire      20%        2d4       8%          4
 Yara's Violent Unravell  Hex/Tmut       13%        3d7       8%          5
 Agony                    Necr           25%        N/A       10%         5
 Arcjolt                  Conj/Air       12%        1d22      10%         5
 Confusing Touch          Hex            10%        N/A       12%         3
 Frozen Ramparts          Ice            20%        1d4       12%         3
 Inner Flame              Hex/Fire       10%        N/A       12%         3
 Ozocubu's Armour         Ice            10%        N/A       12%         3
 Sigil of Binding         Hex            10%        N/A       12%         3
 Summon Guardian Golem    Hex/Summ       10%        N/A       12%         3
 Tukima's Dance           Hex            10%        N/A       12%         3
 Anguish                  Hex/Necr       8%         N/A       12%         4
 Summon Lightning Spire   Summ/Air       15%        N/A       19%         4
 Bombard                  Conj/Erth      16%        9d3       21%         6
 Fireball                 Conj/Fire      10%        3d6       22%         5
 Freezing Cloud           Conj/Ice/Air   10%        6-21      22%         5
 Summon Ice Beast         Ice/Summ       10%        N/A       38%         4
 Silence                  Hex/Air        7%         N/A       47%         5
 Conjure Ball Lightning   Conj/Air       12%        3x3d6     50%         6
 Metabolic Englaciation   Hex/Ice        5%         N/A       77%         5
 Summon Mana Viper        Hex/Summ       10%        N/A       77%         5
 Starburst                Conj/Fire      10%        6d5       78%         6
 Orb of Destruction       Conj           15%        9d7       80%         7
 Simulacrum               Ice/Necr       8%         N/A       89%         6
 Plasma Beam              Fire/Air       7%         2x1d18    96%         6
 Summon Cactus Giant      Summ           5%         N/A       100%        6
 Enfeeble                 Hex            5%         N/A       100%        7
 Monstrous Menagerie      Summ           5%         N/A       100%        7
 Ozocubu's Refrigeration  Ice            5%         4d8       100%        7
 Spellforged Servitor     Conj/Summ      10%        N/A       100%        7
 Summon Hydra             Summ           5%         N/A       100%        7
 Discord                  Hex            5%         N/A       100%        8
 Infestation              Necr           12%        N/A       100%        8
 Lehudib's Crystal Spear  Conj/Erth      16%        10d5      100%        8
 Dragon's Call            Summ           5%         N/A       100%        9
 Polar Vortex             Ice            5%         N/A       100%        9
 Dimensional Bullseye     Hex/Tloc       Unusable   N/A       N/A         4
 Animate Armour           Summ/Erth      Unusable   N/A       N/A         4

Dungeon Overview and Level Annotations

Branches:
Dungeon (15/15)            Temple (0/1) D:7            Lair (5/5) D:9
  Swamp (4/4) Lair:2       Spider (4/4) Lair:3        Slime (0/5) Lair:4
    Orc (2/2) D:12            Elf (3/3) Orc:2        Vaults (5/5) D:13
  Crypt (3/3) Vaults:2       Tomb (0/3) Crypt:3      Depths (4/4) D:15
    Zot (5/5) Depths:4     WizLab (visited)         Gauntlet (visited)

Altars:
Dithmenos
Elyvilon
Fedhas
Kikubaaqudgha
Qazlal
Trog
Wu Jian
Xom
Yredelemnul
Zin
The Shining One
Lugonu

Shops:
D:8 ((::*   D:10 :   Orc:2 [:=*   Elf:1 (   Elf:3 :   Vaults:3 (   Depths:4 *(

Portals:
Hell: Depths:1 Depths:2 Depths:3 Depths:4
Abyss: Depths:3 Depths:4
Pandemonium: Depths:2 Depths:3
Ziggurat: Depths:3
Trove: D:11 (give 5 scrolls of fog)

Annotations:
Lair:1 2 transporters, 3 runed translucent doors, Hisole's ghost, novice GrEE
Lair:5 2 transporters, Talonman3's ghost, journeyman KoNe
Swamp:3 exclusion: fenstrider witch, Aizul
Orc:1 exclusion: oklob plant
Elf:2 5 runed translucent doors
Vaults:3 Mennas
Vaults:4 exclusion: crystal guardian


Innate Abilities, Weirdness & Mutations

You are a fearsome dragon!
You have a powerful clawing attack.
Your giant scaled body is strong and resilient, but less evasive.
You can breathe fire.
You are flying.
Your maximum health is greatly increased.
((You have sharp claws.))
((You have razor-sharp teeth.))
You have supernaturally acute eyesight. (SInv)
((You cover ground quickly. (Speed+)))
((Your thick and shaggy fur keeps you warm. (AC +3, rC+)))
((Your paws help you pounce on unaware monsters.))
You are incapable of wielding weapons or throwing items.
You cannot wear armour.
You gain extra lives every three experience levels.
((You are partially covered in large bone plates. (SH +4)))
You are agile. (Dex +4, Str/Int -1)
You have an increased reservoir of magic. (+10% MP)
You are extremely strong-willed. (Will+++)
((Your system is resistant to poisons. (rPois)))
You are very robust. (+20% HP)
Your spells are a little easier to cast, but a little less powerful.
You expend magic power (3 MP) to strengthen your wands.


Message History

You maul the Orb Guardian and electrocute it!!!
The Orb Guardian is almost dead.
The Orb Guardian misses you.
You maul the Orb Guardian!!!
You kill the Orb Guardian!
(D) Dungeon (T) Temple (L) Lair (S) Swamp (N) Spider Nest (M) Slime Pits (O) Orcish Mines (E) Elven Halls (V) Vaults (C) Crypt (W) Tomb (U) Depths (H) Hell (Z) Zot
Where to? (Tab/Enter - D:1 @ (x,y), ? - help)
There is an open door here.
There is an open door here.
There is a stone staircase leading up here.
You fly upwards.
There is a stone staircase leading down here.
There is a stone staircase leading up here.
You fly upwards.
There is a stone staircase leading down here.
There is a stone staircase leading up here.
Your extra speed is starting to run out.
You fly upwards.
There is a stone staircase leading down here.
There is a stone staircase leading up here.
You fly upwards.
There is a stone staircase leading down here.
You feel yourself slow down.
There is an escape hatch in the ceiling, spattered with blood here.
Things that are here:
a +0 robe; a +0 dagger Really go through this one-way escape hatch? [Y]es or [N]o only, please.
Really go through this one-way escape hatch?
A mysterious force pulls you upwards. The hatch slams shut behind you.
(D) Dungeon (T) Temple (L) Lair (S) Swamp (N) Spider Nest (M) Slime Pits (O) Orcish Mines (E) Elven Halls (V) Vaults (C) Crypt (W) Tomb (U) Depths (H) Hell (Z) Zot
Where to? (Tab/Enter - D:1 @ (x,y), ? - help) Magic restored.
You see here a +0 club.
You feel a little less mighty now.
Things that are here:
a +0 flail; a +0 flail
Things that are here:
a +0 robe; a +1 whip of draining
There is a stone staircase leading up here.
You see here a +0 halberd.
You fly upwards.
There is a stone staircase leading down here.
There is a stone staircase leading up here.
You fly upwards.
There is a stone staircase leading down here.
A chaos spawn comes into view.
Unknown command.
You barely miss the chaos spawn.
You maul the chaos spawn!!!
You kill the chaos spawn!
The chaos spawn degenerates into a cloud of primal chaos!
(D) Dungeon (T) Temple (L) Lair (S) Swamp (N) Spider Nest (M) Slime Pits (O) Orcish Mines (E) Elven Halls (V) Vaults (C) Crypt (W) Tomb (U) Depths (H) Hell (Z) Zot
Where to? (Tab/Enter - D:1 @ (x,y), ? - help)
There is a stone staircase leading up here.
You fly upwards.
There is a stone staircase leading down here.
There is a stone staircase leading up here.
You fly upwards.
There is a stone staircase leading down here.
There is a stone staircase leading up here.
You fly upwards.
There is a stone staircase leading down here.
There is a stone staircase leading up here.
You fly upwards.
There is a stone staircase leading down here.
You are now a favourite toy of Xom.
Unknown command.
(D) Dungeon (T) Temple (L) Lair (S) Swamp (N) Spider Nest (M) Slime Pits (O) Orcish Mines (E) Elven Halls (V) Vaults (C) Crypt (W) Tomb (U) Depths (H) Hell (Z) Zot
Where to? (Tab/Enter - D:1 @ (x,y), ? - help)
You see here a +0 scale mail.
You see here a +0 chain mail.
An Orb Guardian comes into view.
Casting: Manifold Assault (safe; 0% risk of failure)
Press: ? - help, Q - select action, (/) - cycle Dir - look around, f - activate Space momentarily warps into an impossible shape!
You barely miss the Orb Guardian.
Casting: Manifold Assault (safe; 0% risk of failure)
Confirm with . or Enter, or press ? or * to list all spells.
Charge where?
Press: ? - help, Dir - move target, f - Orb Guardian
Aim: an Orb Guardian (83% to hit)
You charge forward with an electric crackle!
You maul the Orb Guardian and electrocute it!!!!
You kill the Orb Guardian!
You see here 6 stones.
There is a staircase leading out of the dungeon here.
You have escaped!

################
#>.............#
###..#..#..#..#..#
#................#
#.#..............#
#.#>...........(D#
..#..............#
.................#
..#..#..#..#..#..#
..#>.............#
..################
..# ..# .[#


There were no monsters in sight!

Vanquished Creatures
  A dread lich (Depths:3)
  An orb of fire (Zot:2)
  An ancient lich (Vaults:5)
  4 juggernauts
  A Killer Klown (Zot:2)
  Margery (Vaults:3)
  Bai Suzhen (Spider:3)
  Xtahua (Vaults:3)
  4 caustic shrikes (Depths:4)
  2 golden dragons (Vaults:5)
  8 Orb Guardians
  2 doom hounds (Depths:4)
  Mlioglotl (Swamp:4)
  Jorgrun (Swamp:3)
  6 tentacled monstrosities
  4 liches
  Rupert (D:14)
  A shard shrike skeleton (Crypt:1)
  3 deep elf blademasters (Elf:3)
  9 titans
  4 quicksilver dragons
  9 sphinxes
  3 deep elf master archers (Elf:3)
  A tentacled starspawn (WizLab)
  An Executioner (D:14)
  A death cob (Zot:2)
  The ghost of Iwuqes the Tortoise, an adept MiBe of Trog (Depths:3)
  A thorn hunter (Swamp:2)
  4 ancient champions
  6 shadow dragons (Vaults:5)
  5 tengu reavers
  3 draconian knights
  3 nagarajas (WizLab)
  A fenstrider witch (Depths:3)
  3 draconian monks
  7 storm dragons
  8 fire giants
  13 frost giants
  10 deep elf sorcerers
  4 revenants
  2 balrugs (Depths:3)
  6 emperor scorpions
  3 ghost moths
  14 vault wardens
  A spectral caustic shrike (Crypt:3)
  A draconian scorcher (Zot:5)
  2 caustic shrike zombies (Crypt:3)
  4 deep elf elementalists (Elf:3)
  10 ghouls
  A draconian shifter (Zot:1)
  Louise (Swamp:2)
  2 angels (Vaults:2)
  5 draconian stormcallers
  3 curse skulls
  4 spriggan defenders (Depths:3)
  2 orc warlords
  A spectral juggernaut (Crypt:3)
  18 ironbound preservers
  A war gargoyle (Vaults:5)
  3 demonspawn corrupters (WizLab)
  A draconian annihilator (Zot:2)
  2 formless jellyfish
  14 very ugly things
  3 broodmothers
  24 stone giants
  3 reapers (Depths:3)
  3 vampire knights
  9 ironbound thunderhulks
  8 deep elf demonologists
  A quicksilver ooze (D:12)
  5 eleionomae
  A black draconian (Depths:4)
  4 bunyips
  5 dire elephants
  A minotaur (Depths:3)
  4 green draconians
  2 deep elf annihilators
  2 purple draconians
  2 red draconians
  2 spark wasps (Spider:3)
  3 white draconians
  3 yellow draconians
  9 eidola
  3 merfolk javelineers
  Snorg (D:12)
  13 ettins
  3 deep elf death magi
  9 fire dragons
  17 jiangshi
  5 entropy weavers
  2 merfolk impalers
  A crystal guardian (Vaults:4)
  2 spectral spriggans (Crypt:3)
  Josephine (D:12)
  10 deep elf high priests
  2 spectral quicksilver dragons (Crypt:3)
  22 yaktaur captains
  4 great orbs of eyes
  9 ice dragons
  A hell beast (Depths:3)
  A peacekeeper (Vaults:4)
  Fannar (Orc:1)
  A juggernaut simulacrum (Crypt:2)
  31 vault guards
  15 hydras
  An Orb Guardian zombie (Crypt:3)
  A spriggan skeleton (Crypt:1)
  12 boulder beetles
  2 ghost crabs
  9 centaur warriors
  Erica (D:8)
  A rakshasa (Depths:2)
  A spriggan air mage (Depths:3)
  10 alligators
  6 ironbound frosthearts
  3 ogre magi
  A merfolk aquamancer (WizLab)
  2 radroaches
  5 catoblepae
  A death knight (D:15)
  19 dancing weapons
  4 two-headed ogres
  A sphinx skeleton (D:15)
  3 deep troll shamans
  7 vampire magi
  13 demonic crawlers
  2 deep troll earth magi
  A spectral dire elephant (Crypt:3)
  6 death yaks (Lair:5)
  A spectral orc (Crypt:3)
  A tengu warrior (Depths:3)
  3 orc high priests (Orc:2)
  5 occultists
  4 spriggan berserkers
  A spectral storm dragon (Crypt:3)
  2 soul eaters
  12 spriggans
  4 sun demons (Depths:3)
  A spectral bunyip (Crypt:3)
  A fire crab (shapeshifter) (Vaults:2)
  5 deep elf knights
  2 fire crabs
  33 skeletal warriors
  3 skysharks
  6 shadow wraiths
  A sun moth (Spider:2)
  2 iron trolls
  A spectral anaconda (Crypt:3)
  21 hell knights
  A sixfirhy (Depths:3)
  5 pharaoh ants
  An anaconda zombie (Crypt:1)
  9 flayed ghosts
  10 swamp dragons
  2 goliath frogs
  8 orb spiders
  A glowing orange brain (shapeshifter) (Depths:2)
  A storm dragon skeleton (D:15)
  6 spriggan druids
  An obsidian statue (Depths:3)
  A shadow demon (D:13)
  45 deep trolls
  A sea snake (shapeshifter) (Depths:3)
  5 bog bodies
  5 glowing orange brains
  3 spriggan simulacra (Crypt:3)
  6 deep elf archers
  A spectral iron dragon (Crypt:3)
  An anaconda skeleton (Crypt:3)
  A golden dragon skeleton (Crypt:3)
  A lindwurm (shapeshifter) (Lair:5)
  15 arcanists
  A harpy (shapeshifter) (Vaults:5)
  20 deep elf zephyrmancers
  15 phantasmal warriors
  12 lindwurms
  11 steelbarb worms
  16 necromancers
  15 orc knights
  2 oklob plants (Lair:2)
  4 will-o-the-wisps
  2 fauns
  A goliath frog zombie (Crypt:1)
  5 cyclopes
  15 wolf spiders
  10 ironbound convokers
  A shadow dragon skeleton (Crypt:2)
  29 ugly things
  5 manticores
  2 spectral ettins (Crypt:3)
  A spectral ice dragon (Crypt:3)
  A stone giant zombie (Crypt:1)
  27 deep elf pyromancers
  7 orc sorcerers
  5 moths of wrath
  A cyclops (shapeshifter) (Elf:3)
  4 worldbinders (WizLab)
  A spectral centaur (Crypt:3)
  A rust devil (Depths:3)
  A stone giant skeleton (Crypt:2)
  11 elephants
  2 torpor snails
  A formless jellyfish zombie (Crypt:1)
  An elephant (shapeshifter) (Vaults:5)
  A smoke demon (Depths:3)
  4 black mambas
  20 vault sentinels
  A centaur zombie (Crypt:3)
  2 naga magi (Depths:1)
  2 gargoyles
  3 naga zombies
  A titan simulacrum (Crypt:3)
  8 cane toads
  An alligator snapping turtle zombie (Crypt:3)
  A centaur skeleton (Crypt:1)
  2 efreet
  An unseen horror (shapeshifter) (Depths:2)
  A green draconian zombie (Crypt:1)
  An unseen horror (D:13)
  A tormentor (Depths:3)
  A rime drake (D:13)
  A kobold demonologist (D:12)
  2 bunyip simulacra
  41 yaktaurs
  16 freezing wraiths
  9 komodo dragons
  A spectral naga (Crypt:3)
  A harpy zombie (Crypt:3)
  An ice devil (Zot:5)
  A mana viper zombie (Crypt:2)
  2 guardian mummies (Crypt:3)
  A spectral harpy (Crypt:3)
  4 tengu conjurers
  A queen bee (Spider:2)
  4 trolls
  A hellwing (Depths:3)
  A bloated husk (Swamp:2)
  15 meliai
  6 tyrant leeches
  10 hornets
  2 polar bears
  12 tarantellas
  A harpy skeleton (Crypt:2)
  Grinder (D:4)
  2 ettin zombies (Crypt:3)
  2 glass eyes
  A glass eye (shapeshifter) (Vaults:5)
  10 blink frogs
  A dream sheep (shapeshifter) (Elf:2)
  A culicivora zombie (Crypt:1)
  A slime creature (shapeshifter) (Vaults:3)
  12 culicivoras
  3 flying skulls (Crypt:1)
  3 centaur simulacra
  A spriggan (shapeshifter) (D:14)
  20 slime creatures
  20 jumping spiders
  A shadow (Crypt:3)
  43 yaks
  8 wyverns
  An ettin skeleton (Crypt:3)
  16 water elementals
  An air elemental (Elf:3)
  14 wraiths
  5 basilisks
  2 ynoxinuls (Depths:3)
  A hog (Depths:1)
  18 humans (D:13)
  8 large abominations
  2 yaks (shapeshifter)
  2 fire elementals
  2 neqoxecs (Depths:3)
  2 steam dragons (D:7)
  7 small abominations (D:13)
  31 redbacks
  2 chaos spawn
  16 vampire mosquitoes
  6 wargs
  17 swamp worms
  A fire bat zombie (Crypt:2)
  Edmund (D:3)
  An acid dragon (D:9)
  7 water moccasins
  9 swamp drakes (Swamp:4)
  5 ice beasts
  3 black bears
  3 ogres
  26 orc warriors
  An ice dragon simulacrum (Crypt:3)
  3 centaurs
  2 sky beasts
  12 wolves
  6 boggarts
  An elephant skeleton (Crypt:3)
  A manticore skeleton (Crypt:2)
  An earth elemental (Elf:1)
  2 scorpions
  6 bullfrogs
  2 necrophages
  A salamander skeleton (Crypt:2)
  9 wights (D:8)
  2 spriggan zombies (Crypt:3)
  19 killer bees
  A raiju skeleton (Crypt:2)
  A vampire bat (Depths:1)
  11 howler monkeys
  A black bear zombie (Crypt:1)
  3 hounds
  2 jellies (D:5)
  20 orc priests
  A basilisk skeleton (Crypt:2)
  A human zombie (Crypt:3)
  Crazy Yiuf (D:6)
  4 gnoll boudas
  A sleepcap (D:5)
  An iguana (D:5)
  22 orc wizards
  A naga skeleton (Crypt:2)
  An ogre skeleton (Crypt:2)
  21 gnolls
  5 adders
  2 shadow imps
  2 ufetubi
  2 worms
  4 dart slugs
  60 orcs
  A bat zombie (Crypt:3)
  9 endoplasms
  8 hobgoblins
  8 jackals
  5 quokkas
  3 ball pythons
  6 bats
  A dart slug zombie (Crypt:1)
  A frilled lizard skeleton (Crypt:2)
  A frilled lizard zombie (Crypt:3)
  7 goblins
  A hobgoblin skeleton (Crypt:3)
  4 kobolds
  2 quokka skeletons (Crypt:3)
  7 rats
  2 starspawn tentacles (WizLab)
1896 creatures vanquished.

Vanquished Creatures (collateral kills)
  the Lernaean hydra (Swamp:4)
  A caustic shrike (Depths:4)
  A tentacled monstrosity (Depths:4)
  Grunn (Depths:4)
  A shadow dragon (Depths:4)
  A fenstrider witch (Swamp:4)
  2 ice dragons (Depths:4)
  2 hydras (Swamp:4)
  A radroach (Spider:4)
  A demonic crawler (Spider:4)
  2 spriggans (Swamp:1)
  A deep troll (Vaults:1)
  3 elephants (Lair:5)
  3 hornets (Swamp:1)
  3 slime creatures (D:14)
  3 yaks
  A swamp worm (Lair:2)
  A gnoll sergeant (D:9)
  2 gnolls (D:9)
31 creatures vanquished.

Vanquished Creatures (others)
  An Orb Guardian (Zot:5)
  A very ugly thing (Vaults:5)
  A dancing weapon (Elf:3)
  2 spriggans (Swamp:1)
  A hornet (Swamp:1)
  A steam dragon (D:10)
  5 yaks (Lair:4)
  An orc wizard (D:8)
  A shadow imp (Gauntlet)
  2 orcs
  17 foxfires
  A starspawn tentacle (WizLab)
34 creatures vanquished.

Grand Total: 1961 creatures vanquished

Notes
Turn   | Place    | Note
-------+----------+-------------------------------------------
     0 | D:1      | EnegeticOcto the Felid Chaos Knight began the quest for the
                  | Orb.
     0 | D:1      | Reached XP level 1. HP: 10/10 MP: 2/2
    23 | D:1      | XOM: potion effect (invisibility)
    37 | D:1      | Reached skill level 1 in Stealth
   112 | D:1      | XOM: potion effect (might)
   119 | D:1      | Reached skill level 2 in Stealth
   124 | D:1      | XOM: silly message
   136 | D:1      | Reached XP level 2. HP: 12/14 MP: 3/3
   239 | D:1      | Reached skill level 3 in Stealth
   249 | D:1      | XOM: smoke on damage
   252 | D:1      | XOM: silly message
   269 | D:1      | XOM: potion effect (heal wounds)
   469 | D:1      | XOM: butterfly on damage
   477 | D:1      | Got the Secrets of Ensorcelling and Putrescence
   524 | D:1      | XOM is BORED!
   524 | D:1      | XOM: noise
   551 | D:1      | XOM: divination: magic mapping
   638 | D:1      | Reached XP level 3. HP: 17/17 MP: 4/4
   834 | D:2      | XOM: silly message
   865 | D:1      | XOM: silly message
   932 | D:2      | XOM: butterfly on damage
   969 | D:2      | Reached skill level 4 in Unarmed Combat
  1035 | D:2      | Identified the +1 dagger of the Past {freeze, rElec Will+
                  | Int+6 Dex-2}
  1149 | D:2      | XOM: god gift: 9 stones
  1336 | D:2      | XOM: silly message
  1410 | D:3      | Identified the "Xiegran"
  1550 | D:3      | Reached XP level 4. HP: 18/21 MP: 5/5
  1573 | D:3      | Reached skill level 4 in Dodging
  1591 | D:3      | XOM: noise
  1635 | D:3      | Found a glowing silver altar of Zin.
  1678 | D:3      | Found a stormy altar of Qazlal.
  1831 | D:3      | Reached XP level 5. HP: 25/25 MP: 6/6
  2240 | D:3      | Reached skill level 4 in Fighting
  2329 | D:3      | XOM is BORED!
  2449 | D:4      | XOM: silly message
  2453 | D:4      | Reached skill level 5 in Dodging
  2501 | D:4      | You fall into a shaft and drop 1 floor!
  2501 | D:5      | Entered Level 5 of the Dungeon
  2555 | D:4      | Found a blossoming altar of Fedhas.
  2556 | D:4      | Noticed Grinder
  2568 | D:4      | Identified the +9 whip "Glorpo" {venom, Int+3}
  2629 | D:4      | Noticed Edmund
  2670 | D:4      | XOM: silly message
  2688 | D:3      | XOM: butterfly on damage
  2696 | D:3      | XOM: enchant monster (bad)
  2707 | D:3      | XOM: silly message
  2809 | D:4      | Killed Grinder
  2810 | D:4      | Reached skill level 5 in Unarmed Combat
  2810 | D:4      | Reached skill level 6 in Dodging
  2810 | D:4      | Gained mutation: You are covered in thick fur. (AC +2)
                  | [Felid growth]
  2810 | D:4      | Reached XP level 6. HP: 28/28 MP: 7/7
  3084 | D:4      | Found a bloodstained altar of Trog.
  3184 | D:5      | XOM: silly message
  3193 | D:4      | Reached skill level 1 in Evocations
  3193 | D:4      | Reached XP level 7. HP: 30/32 MP: 8/8
  3386 | D:5      | Found a white marble altar of Elyvilon.
  3447 | D:5      | Reached skill level 2 in Evocations
  3495 | D:5      | XOM: give mutations
  3495 | D:5      | Gained mutation: You expend magic power (3 MP) to
                  | strengthen your wands. [Xom's mischief]
  3495 | D:5      | Gained mutation: Your system is resistant to poisons.
                  | (rPois) [Xom's mischief]
  3495 | D:5      | Gained mutation: Your natural rate of healing is unusually
                  | fast. [Xom's mischief]
  3660 | D:5      | XOM: summons 4 hostile demons
  3661 | D:5      | Noticed a neqoxec
  3874 | D:5      | Reached skill level 5 in Fighting
  3879 | D:5      | Reached skill level 3 in Evocations
  4441 | D:5      | XOM: torment (18/33 hp)
  4562 | D:6      | Reached skill level 6 in Unarmed Combat
  4614 | D:6      | Reached XP level 8. HP: 31/38 MP: 0/9
  4646 | D:5      | XOM: stat loss: -1 Int (13/14)
  4851 | D:6      | Reached skill level 4 in Stealth
  4910 | D:6      | Found an ornate altar of the Wu Jian Council.
  5051 | D:7      | Reached skill level 6 in Fighting
  5117 | D:7      | Reached skill level 5 in Stealth
  5304 | D:7      | Found a staircase to the Ecumenical Temple.
  5386 | D:7      | XOM: give mutation
  5386 | D:7      | Gained mutation: Your body sometimes deteriorates upon
                  | taking damage. [Xom's mischief]
  5527 | D:7      | XOM: fog
  5616 | D:7      | Reached skill level 6 in Stealth
  5616 | D:7      | Reached skill level 7 in Unarmed Combat
  5706 | D:7      | Learned a level 5 spell: Irradiate
  5721 | D:8      | XOM: stealth player
  5759 | D:8      | Noticed Erica
  5777 | D:8      | Killed Erica
  5778 | D:8      | Reached skill level 7 in Fighting
  5778 | D:8      | Reached skill level 7 in Dodging
  5778 | D:8      | Reached skill level 1 in Spellcasting
  5778 | D:8      | Reached skill level 1 in Conjurations
  5778 | D:8      | Reached skill level 2 in Transmutations
  5778 | D:8      | Reached XP level 9. HP: 43/43 MP: 9/12
  5862 | D:8      | Reached skill level 2 in Spellcasting
  5862 | D:8      | Reached skill level 2 in Conjurations
  5863 | D:8      | XOM: chaos upgrade
  5921 | D:8      | Found Bestiu Poats's Weapon Shop.
  5921 | D:8      | XOM: 5-stop teleportation journey
  6028 | D:8      | XOM: confuse monster(s)
  6100 | D:8      | Found Xeumin's Book Boutique.
  6101 | D:8      | Identified the +4 trident of the Grave {freeze, *Slow Fly
                  | rPois rC+}
  6194 | D:8      | Found Taeqowk's Weapon Shop.
  6209 | D:8      | XOM: god gift: phial of floods
  6390 | D:8      | Found Mubrutetz's General Store.
  6398 | D:8      | Bought 2 scrolls of teleportation for 78 gold pieces
  6398 | D:8      | Bought a scroll of poison for 52 gold pieces
  6430 | D:8      | XOM: 1-stop teleportation journey
  6435 | D:8      | XOM: cleaving
  6442 | D:8      | Reached skill level 3 in Transmutations
  6454 | D:8      | Noticed a two-headed ogre
  6460 | D:8      | Killed a two-headed ogre
  6461 | D:8      | Reached skill level 8 in Dodging
  6461 | D:8      | Reached skill level 3 in Spellcasting
  6461 | D:8      | Reached skill level 3 in Conjurations
  6473 | D:8      | Reached skill level 8 in Fighting
  6473 | D:8      | Reached skill level 4 in Transmutations
  6631 | D:8      | Found Xotwij's Book Shop.
  6737 | D:8      | XOM: enchant monster (good)
  6738 | D:8      | XOM: polymorph yak -> fire crab
  6746 | D:8      | Reached XP level 10. HP: 48/48 MP: 16/16
  6749 | D:8      | Killed a fire crab
  6901 | D:8      | Noticed a centaur warrior
  6999 | D:9      | Reached skill level 4 in Spellcasting
  6999 | D:9      | Reached skill level 4 in Conjurations
  7133 | D:9      | Reached skill level 9 in Dodging
  7133 | D:9      | Reached skill level 5 in Transmutations
  7157 | D:9      | Noticed a two-headed ogre
  7186 | D:9      | XOM: give mutations
  7186 | D:9      | Gained mutation: Your body often deteriorates upon taking
                  | damage. [Xom's mischief]
  7186 | D:9      | Gained mutation: Your flesh is heat resistant. (rF+) [Xom's
                  | mischief]
  7194 | D:9      | XOM: summons 3 hostile shadow creatures
  7318 | D:9      | XOM: noise
  7381 | D:9      | XOM: silly message
  7443 | D:9      | Found an ancient bone altar of Kikubaaqudgha.
  7498 | D:9      | XOM: smoke on damage
  7511 | D:9      | Found a staircase to the Lair.
  7533 | D:9      | XOM: enchant monster (bad)
  7534 | D:9      | XOM: cast spell 'Dispersal'
  7740 | D:9      | XOM: confuse monster(s)
  7753 | D:9      | Killed a two-headed ogre
  7754 | D:9      | Reached skill level 10 in Dodging
  7754 | D:9      | Reached skill level 5 in Conjurations
  7754 | D:9      | Reached skill level 6 in Transmutations
  7853 | D:10     | Entered Level 10 of the Dungeon
  7958 | D:10     | XOM: fog
  7971 | D:10     | XOM: enchant monster (good)
  7999 | D:10     | Reached skill level 7 in Transmutations
  8172 | D:10     | XOM: cleaving
  8175 | D:10     | Reached skill level 6 in Conjurations
  8200 | D:10     | XOM: silly message
  8271 | D:10     | XOM: silly message
  8281 | D:10     | XOM: draining
  8350 | D:10     | Reached XP level 11. HP: 44/46 MP: 18/18
  8421 | D:10     | Noticed a two-headed ogre
  8440 | D:10     | XOM: chaos upgrade
  8459 | D:10     | Killed a two-headed ogre
  8491 | D:10     | XOM: divination: magic mapping
  8507 | D:10     | Found Gookaf's Book Shoppe.
  8683 | D:10     | XOM: divine lightning
  8735 | D:10     | XOM is BORED!
  8735 | D:10     | XOM: summons 1 hostile shadow creature
  8899 | D:11     | Demolished by a cyclops
  8928 | D:11     | Reached skill level 8 in Transmutations
  8985 | D:11     | Reached skill level 7 in Conjurations
  8992 | D:11     | XOM: polymorph komodo dragon -> cane toad
  9013 | D:11     | XOM: silly message
  9076 | D:11     | Noticed a white ugly thing
  9084 | D:11     | Killed a white ugly thing
  9098 | D:11     | Found a portal to a secret trove of treasure.
  9182 | D:11     | XOM: 2-stop teleportation journey
  9523 | D:11     | XOM: give mutations
  9523 | D:11     | Gained mutation: You are partially covered in iridescent
                  | scales. (AC +2) [Xom's grace]
  9523 | D:11     | Gained mutation: You are robust. (+10% HP) [Xom's grace]
  9525 | D:11     | Learned a level 4 spell: Petrify
  9601 | Lair:1   | Identified the "Wauqosk"
  9601 | Lair:1   | Entered Level 1 of the Lair of Beasts
  9751 | Lair:1   | Identified a scroll of acquirement
  9752 | Lair:1   | Identified the "Nidorghio" (You acquired it on level 1 of
                  | the Lair of Beasts)
  9752 | Lair:1   | Acquired EnegeticOcto's Compilation of Kindled Earth
  9757 | Lair:1   | Learned a level 2 spell: Passwall
  9761 | Lair:1   | Learned a level 3 spell: Stone Arrow
  9769 | Lair:1   | Found a transporter.
  9862 | Lair:1   | Reached skill level 1 in Earth Magic
  9877 | Lair:1   | Found a transporter.
  9882 | Lair:1   | Noticed a fire crab
 10031 | Lair:1   | Reached skill level 9 in Transmutations
 10031 | Lair:1   | Reached skill level 2 in Earth Magic
 10147 | Lair:1   | Found a runed translucent gate.
 10148 | Lair:1   | Found a runed translucent gate.
 10149 | Lair:1   | Found a runed translucent gate.
 10150 | Lair:1   | Noticed Hisole's ghost (novice GrEE)
 10496 | Lair:2   | XOM: polymorph yak -> culicivora
 10508 | Lair:2   | XOM: summons 2 hostile shadow creatures
 10661 | Lair:2   | XOM: butterfly on damage
 10818 | Lair:2   | Reached skill level 3 in Earth Magic
 11083 | Lair:2   | Noticed a catoblepas
 11089 | Lair:2   | Killed a catoblepas
 11090 | Lair:2   | Reached skill level 5 in Spellcasting
 11090 | Lair:2   | Reached skill level 4 in Earth Magic
 11094 | Lair:2   | Learned a level 3 spell: Mephitic Cloud
 11209 | Lair:2   | XOM is BORED!
 11209 | Lair:2   | XOM: summons 1 hostile demon
 11485 | Lair:2   | Noticed a skyshark
 11495 | Lair:2   | Killed a skyshark
 11622 | Lair:2   | XOM: noise
 11688 | Lair:2   | Found a blossoming altar of Fedhas.
 11690 | Lair:2   | Noticed an oklob plant
 11691 | Lair:2   | Noticed an oklob plant
 11866 | Lair:2   | Found a staircase to the Swamp.
 11871 | Lair:2   | XOM: cast spell 'Monstrous Menagerie'
 11877 | Lair:2   | Reached skill level 10 in Transmutations
 11925 | Lair:2   | Identified the +6 scimitar "Newtslayer" {vamp, rElec rF++
                  | Will++}
 12150 | Lair:3   | XOM: destruction
 12240 | Lair:3   | Reached skill level 6 in Spellcasting
 12240 | Lair:3   | Gained mutation: Your thick and shaggy fur keeps you warm.
                  | (AC +3, rC+) [Felid growth]
 12240 | Lair:3   | Reached XP level 12. HP: 60/60 MP: 12/22
 12365 | Lair:3   | XOM: god gift: 54 gold pieces
 12398 | Lair:3   | XOM: cleaving
 12648 | Lair:3   | Found a hole to the Spider Nest.
 12747 | Lair:3   | Reached skill level 11 in Transmutations
 12943 | Lair:3   | XOM: 4-stop teleportation journey
 13621 | Lair:4   | XOM: divination: magic mapping
 13632 | Lair:4   | XOM: confuse monster(s)
 13694 | Lair:4   | Reached skill level 8 in Conjurations
 13718 | Lair:4   | Reached skill level 7 in Spellcasting
 13720 | Lair:4   | Reached skill level 9 in Fighting
 13880 | Lair:4   | XOM: divination: magic mapping
 13927 | Lair:4   | XOM: god gift: chain mail {god gift}
 13949 | Lair:4   | Found a staircase to the Slime Pits.
 13950 | Lair:4   | XOM: potion effect (might)
 14258 | Lair:4   | XOM: cleaving
 14368 | Lair:4   | XOM: give mutations
 14368 | Lair:4   | Gained mutation: You have a pair of small antennae on your
                  | head. [Xom's grace]
 14368 | Lair:4   | Gained mutation: You possess an exceptional clarity of
                  | mind. [Xom's grace]
 14368 | Lair:4   | Gained mutation: You are agile. (Dex +4, Str/Int -1) [Xom's
                  | grace]
 14393 | Lair:4   | XOM: destruction
 14535 | Lair:4   | XOM: god gift: throwing net
 14613 | Lair:5   | Entered Level 5 of the Lair of Beasts
 14623 | Lair:5   | XOM: 1-stop teleportation journey
 14624 | Lair:5   | Reached skill level 8 in Spellcasting
 14633 | Lair:5   | XOM: polymorph water moccasin -> howler monkey
 14638 | Lair:5   | Reached skill level 10 in Fighting
 14645 | Lair:5   | XOM: potion effect (berserk rage)
 14671 | Lair:5   | XOM: polymorph elephant -> fire crab
 14720 | Lair:5   | Found a gate leading to a gauntlet.
 14723 | Lair:5   | XOM: destruction
 14729 | Gauntlet | Entered a Gauntlet
 14729 | Gauntlet | Found a transporter.
 14729 | Gauntlet | Found a runed translucent gate.
 14729 | Gauntlet | Found a runed translucent gate.
 14750 | Gauntlet | Found a runed translucent gate.
 14755 | Gauntlet | Found a transporter.
 14757 | Gauntlet | Found a transporter.
 14762 | Gauntlet | Noticed a catoblepas
 14766 | Gauntlet | Found a runed translucent door.
 14768 | Gauntlet | Found a transporter.
 14770 | Gauntlet | Found a transporter.
 14774 | Gauntlet | Noticed a dire elephant
 14783 | Gauntlet | Found a transporter.
 14796 | Gauntlet | Found a transporter.
 14810 | Gauntlet | Found a transporter.
 14817 | Gauntlet | Found a transporter.
 14831 | Gauntlet | Found a transporter.
 14831 | Gauntlet | Noticed a dire elephant
 14845 | Gauntlet | Found a transporter.
 14845 | Gauntlet | Found a transporter.
 14863 | Gauntlet | XOM: give mutation
 14863 | Gauntlet | Gained mutation: Your spells are a little harder to cast,
                  | but a little more powerful. [Xom's grace]
 14887 | Gauntlet | Found a transporter.
 14901 | Gauntlet | Found a transporter.
 14996 | Gauntlet | XOM: divine lightning
 15023 | Gauntlet | XOM: summons 2 friendly demons
 15032 | Gauntlet | XOM: fake destruction
 15038 | Gauntlet | Killed a catoblepas
 15038 | Gauntlet | XOM: divination: detect creatures
 15039 | Gauntlet | Reached skill level 4 in Evocations
 15042 | Gauntlet | Reached XP level 13. HP: 57/67 MP: 26/26
 15202 | Gauntlet | Identified the amulet of Interdependent Arising {Reflect
                  | rF- rN+ Will++ Int+2 Slay+2 SH+5}
 15214 | Gauntlet | Noticed a minotaur
 15237 | Gauntlet | XOM: summons friendly shadow imp
 15247 | Lair:5   | XOM: cleaving
 15252 | Lair:5   | XOM: summons 3 friendly demons
 15260 | Lair:5   | XOM: potion effect (brilliance)
 15323 | Lair:5   | XOM: 3-stop teleportation journey
 15334 | Lair:5   | Reached skill level 11 in Dodging
 15456 | Lair:5   | XOM: chaos cloud
 15469 | Lair:5   | Reached skill level 5 in Evocations
 15626 | Lair:5   | XOM: 1-stop teleportation journey
 15681 | Lair:5   | XOM: enchant monster (bad)
 15683 | Lair:5   | XOM: divination: detect items
 15977 | Lair:5   | XOM: noise
 16013 | Lair:4   | XOM: scenery: 1 doors open, 2 doors close
 16209 | Lair:5   | Found a transporter.
 16227 | Lair:5   | Found a transporter.
 16234 | Lair:5   | XOM: cast spell 'Summon Ice Beast'
 16240 | Lair:5   | Noticed Talonman3's ghost (journeyman KoNe)
 16242 | Lair:5   | XOM: divination: detect creatures
 16247 | Lair:5   | Reached skill level 12 in Transmutations
 16248 | Lair:5   | XOM: potion effect (haste)
 16254 | Lair:5   | Reached skill level 6 in Evocations
 16277 | Lair:5   | XOM: divination: detect creatures
 16444 | Lair:5   | Reached skill level 12 in Dodging
 16472 | Lair:5   | XOM: silly message
 16488 | Lair:5   | XOM: potion effect (berserk rage)
 16703 | Lair:5   | XOM: summons 7 hostile demons
 17401 | D:12     | a boulder beetle changed into a quicksilver ooze
 17401 | D:12     | Noticed a quicksilver ooze
 17401 | D:12     | XOM: polymorph boulder beetle -> quicksilver ooze
 17410 | D:12     | Killed a quicksilver ooze
 17532 | D:12     | XOM: blink monster(s)
 17568 | D:12     | XOM: swap monsters
 17806 | D:11     | XOM: give mutations
 17806 | D:11     | Lost mutation: You are agile. (Dex +4, Str/Int -1) [Xom's
                  | mischief]
 17806 | D:11     | Lost mutation: Your flesh is heat resistant. (rF+) [Xom's
                  | mischief]
 17806 | D:11     | Lost mutation: Your body often deteriorates upon taking
                  | damage. [Xom's mischief]
 17919 | D:11     | XOM: silly message
 17921 | D:11     | XOM: summons 7 hostile demons
 17943 | D:11     | XOM: give mutation
 17943 | D:11     | Lost mutation: Your spells are a little harder to cast, but
                  | a little more powerful. [Xom's mischief]
 17977 | D:11     | XOM: give mutations
 17977 | D:11     | Lost mutation: Your system is resistant to poisons. (rPois)
                  | [Xom's mischief]
 17977 | D:11     | Gained mutation: You occasionally lose the ability to read
                  | scrolls when taking damage. [Xom's mischief]
 17999 | D:11     | XOM: torment (36/69 hp)
 18106 | D:12     | Reached skill level 9 in Spellcasting
 18125 | D:12     | XOM: summons 1 hostile demon
 18285 | D:12     | Found a staircase to the Orcish Mines.
 18300 | D:12     | Noticed Snorg
 18308 | D:12     | XOM: confuse monster(s)
 18316 | D:12     | Killed Snorg
 18317 | D:12     | Reached skill level 11 in Fighting
 18333 | D:12     | XOM: give mutations
 18333 | D:12     | Gained mutation: You occasionally shout uncontrollably at
                  | your foes. [Xom's mischief]
 18333 | D:12     | Lost mutation: Your body sometimes deteriorates upon taking
                  | damage. [Xom's mischief]
 18333 | D:12     | Gained mutation: You are somewhat resistant to further
                  | mutation. [Xom's mischief]
 18615 | D:12     | Noticed Josephine
 18633 | D:12     | Killed Josephine
 18692 | D:12     | XOM: silly message
 18793 | D:12     | Noticed Nessos
 18795 | D:12     | Nessos changed into Nessos the bullfrog
 18795 | D:12     | Noticed Nessos
 18797 | D:12     | XOM: potion effect (haste)
 18801 | D:12     | Killed Nessos the bullfrog
 18937 | Orc:1    | Entered Level 1 of the Orcish Mines
 19049 | Orc:2    | Entered Level 2 of the Orcish Mines
 19099 | Orc:1    | XOM: divination: detect items
 19287 | Orc:1    | Found a dark tunnel.
 19347 | Orc:1    | XOM: silly message
 19349 | Orc:1    | XOM: potion effect (brilliance)
 19513 | Orc:2    | XOM: divination: detect creatures
 19666 | Orc:1    | Noticed Fannar
 19670 | Orc:1    | Killed Fannar
 19673 | Orc:1    | XOM: potion effect (haste)
 19775 | Orc:1    | XOM: divination: detect items
 19978 | Orc:2    | XOM: cast spell 'Alistair's Intoxication'
 20043 | Orc:2    | XOM: confuse monster(s)
 20060 | Orc:1    | XOM: silly message
 20069 | Orc:2    | XOM: silly message
 20075 | Orc:2    | Reached XP level 14. HP: 47/73 MP: 28/28
 20114 | Orc:2    | XOM: potion effect (brilliance)
 20131 | Orc:2    | XOM: enchant monster (bad)
 20155 | Orc:1    | XOM: divination: detect items
 20227 | Orc:1    | Reached skill level 10 in Spellcasting
 20582 | Orc:2    | Reached skill level 12 in Fighting
 20681 | Orc:2    | XOM: divination: detect items
 20682 | Orc:2    | XOM: silly message
 20742 | Orc:1    | XOM: silly message
 21174 | Orc:2    | XOM: give mutation
 21174 | Orc:2    | Gained mutation: You have a somewhat thin skeletal
                  | structure. (Dex +2, Stealth+) [Xom's grace]
 21414 | Orc:2    | XOM: silly message
 21607 | Orc:2    | XOM: potion effect (heal wounds)
 21790 | Orc:2    | XOM: potion effect (brilliance)
 21799 | Orc:2    | Found Deank's General Store.
 21799 | Orc:2    | Found Hoceabb's Jewellery Shop.
 21801 | Orc:2    | Found Couguxte's Armour Shop.
 21801 | Orc:2    | Found Tashraej's Book Shoppe.
 21802 | Orc:2    | XOM: enchant monster (good)
 21851 | Orc:2    | XOM: silly message
 21929 | Orc:2    | Found a staircase to the Elven Halls.
 22107 | D:13     | Reached skill level 13 in Dodging
 22111 | D:13     | Upgraded the game from 0.31-a0-963-ga325b2283a to
                  | 0.31-a0-977-gc230f8ef24
 22174 | D:13     | Noticed a frost giant
 22174 | D:13     | Found the +8 frozen axe "Frostbite" {freeze, freezing
                  | cloud, *Noise Fly rC+}
 22185 | D:13     | XOM: 1-stop teleportation journey
 22212 | D:13     | XOM: polymorph manticore -> moth of wrath
 22417 | D:13     | XOM is BORED!
 22417 | D:13     | XOM: draining
 22418 | D:13     | XOM: summons 2 hostile shadow creatures
 22502 | D:13     | XOM: torment (35/68 hp)
 22640 | D:13     | XOM: torment (32/71 hp)
 22697 | D:13     | XOM: chaos upgrade
 22698 | D:13     | Reached skill level 13 in Fighting
 22699 | D:13     | XOM: enchant monster (bad)
 22778 | D:13     | Reached skill level 14 in Dodging
 22824 | D:13     | XOM: give mutations
 22824 | D:13     | Gained mutation: You are very robust. (+20% HP) [Xom's
                  | mischief]
 22824 | D:13     | Lost mutation: You are very robust. (+20% HP) [Xom's
                  | mischief]
 22824 | D:13     | Gained mutation: Your spells are a little easier to cast,
                  | but a little less powerful. [Xom's mischief]
 22824 | D:13     | Lost mutation: You are somewhat resistant to further
                  | mutation. [Xom's mischief]
 22888 | D:13     | XOM: chaos upgrade
 22901 | D:13     | XOM: 8-stop teleportation journey
 23423 | D:13     | XOM: give mutations
 23423 | D:13     | Gained mutation: You are strong-willed. (Will+) [Xom's
                  | grace]
 23423 | D:13     | Gained mutation: Your skin changes colour to match your
                  | surroundings (Stealth+). [Xom's grace]
 23501 | D:13     | XOM: summons friendly white imp
 23516 | D:13     | XOM: destruction
 24060 | D:13     | XOM: give mutations
 24060 | D:13     | Lost mutation: You possess an exceptional clarity of mind.
                  | [Xom's mischief]
 24060 | D:13     | Gained mutation: Your body sometimes deteriorates upon
                  | taking damage. [Xom's mischief]
 24060 | D:13     | Lost mutation: Your spells are a little easier to cast, but
                  | a little less powerful. [Xom's mischief]
 24140 | D:13     | XOM: potion effect (magic)
 24239 | D:13     | Found a gate to the Vaults.
 24488 | D:13     | XOM: give mutations
 24488 | D:13     | Lost mutation: You are robust. (+10% HP) [Xom's mischief]
 24488 | D:13     | Lost mutation: Your body sometimes deteriorates upon taking
                  | damage. [Xom's mischief]
 24488 | D:13     | Lost mutation: You have a pair of small antennae on your
                  | head. [Xom's mischief]
 24488 | D:13     | Gained mutation: You sometimes lose the ability to read
                  | scrolls when taking damage. [Xom's mischief]
 24751 | D:13     | XOM: give mutations
 24751 | D:13     | Gained mutation: You possess an exceptional clarity of
                  | mind. [Xom's mischief]
 24751 | D:13     | Lost mutation: You sometimes lose the ability to read
                  | scrolls when taking damage. [Xom's mischief]
 24751 | D:13     | Lost mutation: You occasionally shout uncontrollably at
                  | your foes. [Xom's mischief]
 24755 | D:14     | XOM: stealth player
 24766 | D:14     | XOM: enchant monster (good)
 24830 | D:14     | XOM: cleaving
 24855 | D:14     | XOM: summons 6 friendly demons
 25137 | D:14     | Noticed Rupert
 25144 | D:14     | Killed Rupert
 25145 | D:14     | Reached XP level 15. HP: 44/75 MP: 30/30
 25383 | D:14     | XOM: give mutations
 25383 | D:14     | Gained mutation: You are highly strong-willed. (Will++)
                  | [Xom's grace]
 25383 | D:14     | Gained mutation: Your spells are a little harder to cast,
                  | but a little more powerful. [Xom's grace]
 25383 | D:14     | Gained mutation: Your spells are harder to cast, but more
                  | powerful. [Xom's grace]
 25476 | D:14     | XOM: cast spell 'Summon Dragon'
 25506 | D:14     | XOM: god gift: 2 boomerangs
 25573 | D:14     | Reached skill level 5 in Earth Magic
 25749 | D:15     | Entered Level 15 of the Dungeon
 25757 | D:15     | Reached skill level 14 in Fighting
 25843 | D:15     | XOM: cloud trail
 25883 | D:15     | XOM: cast spell 'Chain of Chaos'
 26025 | D:15     | XOM: summons friendly quasit
 26223 | D:15     | Reached skill level 8 in Unarmed Combat
 26324 | D:15     | XOM is BORED!
 26361 | D:15     | Found a staircase to the Depths.
 26361 | D:15     | XOM: 4-stop teleportation journey
 26413 | D:14     | XOM: potion effect (haste)
 27030 | D:15     | Reached skill level 1 in Poison Magic
 27143 | D:15     | XOM: butterfly on damage
 27390 | D:15     | Reached skill level 2 in Poison Magic
 27413 | D:15     | XOM: torment (39/75 hp)
 27475 | D:15     | XOM: 3-stop teleportation journey
 27525 | D:15     | XOM: 1-stop teleportation journey
 27707 | D:13     | Killed a frost giant
 27708 | D:13     | Reached skill level 6 in Earth Magic
 27813 | D:7      | XOM: 5-stop teleportation journey
 27909 | D:3      | Killed Edmund
 27954 | D:6      | Found a runed translucent door.
 27955 | D:6      | Noticed Crazy Yiuf
 27960 | D:6      | Killed Crazy Yiuf
 28177 | D:8      | XOM: snakes to sticks
 28178 | D:8      | XOM: summons friendly white imp
 28184 | D:8      | XOM: enchant monster (good)
 28204 | D:8      | Reached skill level 3 in Poison Magic
 28432 | Lair:2   | XOM: cast spell 'Chain of Chaos'
 28677 | Lair:5   | XOM: enchant monster (bad)
 28892 | Lair:5   | Learned a level 4 spell: Olgreb's Toxic Radiance
 28896 | Lair:5   | Learned a level 3 spell: Ignite Poison
 28922 | Lair:5   | Reached skill level 7 in Earth Magic
 28922 | Lair:5   | Reached skill level 4 in Poison Magic
 29437 | Spider:1 | Entered Level 1 of the Spider Nest
 29449 | Spider:1 | Reached skill level 5 in Poison Magic
 29594 | Spider:1 | XOM: god gift: 18 gold pieces
 29798 | Spider:1 | Reached skill level 8 in Earth Magic
 29851 | Spider:1 | XOM: silly message
 29940 | Lair:3   | XOM: give mutations
 29940 | Lair:3   | Gained mutation: You have an increased reservoir of magic.
                  | (+10% MP) [Xom's grace]
 29940 | Lair:3   | Gained mutation: You are robust. (+10% HP) [Xom's grace]
 29940 | Lair:3   | Gained mutation: You are extremely strong-willed. (Will+++)
                  | [Xom's grace]
 29943 | Lair:3   | XOM: cleaving
 30007 | Lair:3   | XOM is BORED!
 30038 | Spider:1 | Reached skill level 6 in Poison Magic
 30171 | Spider:1 | XOM: confuse monster(s)
 30183 | Spider:1 | XOM: cleaving
 30406 | Spider:1 | XOM: give mutation
 30406 | Spider:1 | Gained mutation: You are very robust. (+20% HP) [Xom's
                  | grace]
 30456 | Spider:1 | XOM: god gift: 3 curare-tipped darts
 30510 | Spider:1 | Reached skill level 7 in Poison Magic
 30564 | Spider:1 | XOM: scenery: create altars
 30575 | Spider:1 | XOM: cloud trail
 30783 | Spider:2 | XOM: silly message
 30883 | Spider:2 | Noticed an emperor scorpion
 30895 | Spider:2 | XOM: divination: magic mapping
 30900 | Spider:2 | Killed an emperor scorpion
 31106 | Spider:1 | XOM: god gift: 1052 gold pieces
 31167 | Spider:2 | XOM: silly message
 31230 | Spider:2 | XOM: divination: detect items
 31236 | Spider:2 | Reached skill level 8 in Poison Magic
 31239 | Spider:2 | Reached XP level 16. HP: 85/94 MP: 12/34
 31465 | Spider:2 | XOM: cleaving
 31690 | Spider:2 | Reached skill level 9 in Poison Magic
 31889 | Spider:2 | XOM: 4-stop teleportation journey
 31956 | Spider:2 | XOM: summons friendly shadow imp
 32235 | Spider:3 | XOM: cast spell 'Dispersal'
 32505 | Spider:3 | XOM: 2-stop teleportation journey
 32602 | Spider:3 | XOM: fog
 32615 | Spider:3 | Reached skill level 10 in Poison Magic
 32651 | Spider:3 | XOM: scenery: create altars
 32681 | Spider:3 | XOM: noise
 32895 | Spider:3 | Noticed Bai Suzhen
 33112 | Spider:3 | XOM: 2-stop teleportation journey
 33345 | Spider:3 | XOM: god gift: chain mail {god gift}
 33880 | Spider:4 | Entered Level 4 of the Spider Nest
 33886 | Spider:4 | Reached skill level 9 in Unarmed Combat
 33926 | Spider:4 | XOM is BORED!
 33926 | Spider:4 | XOM: noise
 33930 | Spider:4 | XOM: potion effect (invisibility)
 34081 | Spider:4 | XOM: potion effect (magic)
 34084 | Spider:4 | XOM: silly message
 34089 | Spider:3 | XOM: polymorph ghost moth -> spark wasp
 34097 | Spider:3 | HP: 3/94 [spark wasp (29)]
 34097 | Spider:3 | Mangled by a spark wasp
 34329 | Spider:4 | XOM: polymorph culicivora -> shapeshifter
 34581 | Spider:4 | Reached skill level 11 in Spellcasting
 34928 | Spider:4 | XOM: enchant monster (good)
 35100 | Spider:4 | Reached skill level 10 in Unarmed Combat
 35140 | Spider:4 | XOM: cast spell 'Death Channel'
 35141 | Spider:4 | XOM: give mutations
 35141 | Spider:4 | Gained mutation: You have a pair of small horns on your
                  | head. [Xom's grace]
 35141 | Spider:4 | Gained mutation: You have a moderately thin skeletal
                  | structure. (Dex +4, Stealth++) [Xom's grace]
 35609 | Spider:3 | Engulfed by Bai Suzhen's thunder
 35646 | Spider:4 | XOM: god gift: +2 chain mail of fire resistance
 35669 | Spider:4 | XOM: confuse monster(s)
 35694 | Spider:4 | Reached skill level 1 in Shapeshifting
 36042 | Spider:4 | XOM: swap monsters
 36061 | Spider:4 | Reached skill level 2 in Shapeshifting
 36221 | Spider:4 | Got a gossamer rune of Zot
 36398 | Swamp:1  | Entered Level 1 of the Swamp
 36411 | Swamp:1  | XOM: summons 3 hostile demons
 36724 | Swamp:1  | Reached XP level 17. HP: 99/99 MP: 30/37
 36876 | Swamp:1  | Learned a level 5 spell: Alistair's Intoxication
 36879 | Swamp:1  | Learned a level 2 spell: Lesser Beckoning
 36913 | Swamp:1  | XOM: cleaving
 36922 | Swamp:1  | Reached skill level 3 in Shapeshifting
 37198 | Swamp:1  | Identified the +5 quarterstaff of Strategic Superiority
                  | {holy, rElec rPois}
 37490 | Swamp:1  | XOM: summons 9 hostile demons
 37795 | Swamp:1  | Reached skill level 11 in Unarmed Combat
 37795 | Swamp:1  | Reached skill level 12 in Spellcasting
 37839 | Swamp:1  | XOM: silly message
 37885 | Swamp:2  | XOM: noise
 37887 | Swamp:2  | XOM: summons 4 friendly demons
 38024 | Swamp:2  | Noticed Louise
 38030 | Swamp:2  | Killed Louise
 38140 | Swamp:2  | XOM: blink monster(s)
 38146 | Swamp:2  | Reached skill level 4 in Shapeshifting
 38215 | Swamp:1  | XOM: summons 3 hostile shadow creatures
 38506 | Swamp:2  | XOM: butterfly on damage
 38742 | Swamp:1  | XOM: summons 4 hostile shadow creatures
 38745 | Swamp:2  | XOM: scenery: create altars
 38859 | Swamp:2  | Reached skill level 5 in Shapeshifting
 39328 | Swamp:2  | XOM: 3-stop teleportation journey
 39401 | Swamp:2  | XOM: summons 4 hostile shadow creatures
 39464 | Swamp:2  | XOM: stat loss: -1 Int (14/15)
 39954 | Swamp:2  | XOM: summons 2 hostile demons
 40211 | Swamp:3  | Reached skill level 6 in Shapeshifting
 40276 | Swamp:3  | Reached skill level 12 in Unarmed Combat
 40432 | Swamp:3  | Noticed Jorgrun
 40494 | Swamp:3  | XOM: swap monsters
 40503 | Swamp:3  | XOM: 1-stop teleportation journey
 40528 | Swamp:3  | XOM: summons 9 hostile demons
 40865 | Swamp:3  | XOM is BORED!
 40968 | Swamp:3  | Killed Jorgrun
 41059 | Swamp:2  | XOM: give mutations
 41059 | Swamp:2  | Lost mutation: You are extremely strong-willed. (Will+++)
                  | [Xom's mischief]
 41059 | Swamp:2  | Lost mutation: You possess an exceptional clarity of mind.
                  | [Xom's mischief]
 41113 | Swamp:3  | Identified the serpent talisman "Dinwoces" {rC+ Will+
                  | Stlth+}
 41113 | Swamp:3  | Noticed Aizul
 41419 | Swamp:3  | XOM: give mutations
 41419 | Swamp:3  | Lost mutation: You are partially covered in iridescent
                  | scales. (AC +2) [Xom's mischief]
 41419 | Swamp:3  | Lost mutation: Your spells are harder to cast, but more
                  | powerful. [Xom's mischief]
 41535 | Swamp:4  | Entered Level 4 of the Swamp
 41552 | Swamp:4  | XOM: torment (51/99 hp)
 41611 | Swamp:4  | Reached skill level 7 in Shapeshifting
 41657 | Swamp:4  | XOM: summons 9 hostile demons
 41803 | Swamp:4  | XOM: enchant monster (bad)
 42199 | Swamp:4  | XOM: 1-stop teleportation journey
 42311 | Swamp:4  | XOM: stat loss: -1 Str (7/8)
 42321 | Swamp:4  | Noticed the 27-headed Lernaean hydra
 42502 | Swamp:4  | XOM: give mutation
 42502 | Swamp:4  | Lost mutation: Your natural rate of healing is unusually
                  | fast. [Xom's mischief]
 42509 | Swamp:4  | Identified the +0 plate armour "Voco" {+Blink rElec rPois}
 42579 | Swamp:4  | Reached skill level 8 in Shapeshifting
 42596 | Swamp:4  | XOM: give mutations
 42596 | Swamp:4  | Gained mutation: You are extremely strong-willed. (Will+++)
                  | [Xom's grace]
 42596 | Swamp:4  | Gained mutation: Your muscles are strong. (Str +4, Int/Dex
                  | -1) [Xom's grace]
 42596 | Swamp:4  | Gained mutation: Your spells are harder to cast, but more
                  | powerful. [Xom's grace]
 42596 | Swamp:4  | Gained mutation: You are agile. (Dex +4, Str/Int -1) [Xom's
                  | grace]
 42678 | Swamp:4  | XOM: scenery: summon butterflies
 42684 | Swamp:4  | Reached skill level 13 in Unarmed Combat
 42695 | Swamp:4  | XOM: silly message
 42701 | Swamp:4  | Noticed Mlioglotl
 42754 | Swamp:4  | Killed Mlioglotl
 42767 | Swamp:4  | Killed the 27-headed Lernaean hydra
 42768 | Swamp:4  | XOM: blink monster(s)
 42770 | Swamp:4  | XOM: summons 16 friendly demons
 42798 | Swamp:4  | XOM: noise
 42865 | Swamp:4  | Noticed a tentacled monstrosity
 42874 | Swamp:4  | XOM: cast spell 'Call Canine Familiar'
 42884 | Swamp:4  | XOM: cast spell 'Summon Mana Viper'
 42885 | Swamp:4  | XOM: cast spell 'Alistair's Intoxication'
 43018 | Swamp:4  | Killed a tentacled monstrosity
 43092 | Swamp:4  | XOM: cloud trail
 43516 | Swamp:4  | Got a decaying rune of Zot
 43670 | D:11     | XOM: divination: detect creatures
 43746 | Desolati | Identified the "Jaqistui"
 43746 | Vaults:5 | Identified the "Feteazyz"
 43746 | Vaults:5 | Identified the "Ojykat"
 43746 | Crypt:3  | Identified the "Oceaheco"
 43746 | Depths:1 | Identified the of Sonnimaf
 43746 | Depths:2 | Identified the of Govusis
 43746 | Elf:1    | Entered Level 1 of the Elven Halls
 43764 | Elf:1    | Reached skill level 9 in Shapeshifting
 43767 | Elf:1    | Reached XP level 18. HP: 93/104 MP: 16/38
 43939 | Elf:1    | XOM: silly message
 43988 | Elf:1    | Found Naurokh's Weapon Shop.
 44251 | Elf:1    | XOM: potion effect (attraction)
 44257 | Elf:1    | XOM: smoke on damage
 44554 | Elf:1    | XOM: silly message
 45139 | Elf:2    | Reached skill level 14 in Unarmed Combat
 45225 | Elf:1    | XOM: god gift: scroll of poison
 45419 | Elf:2    | Reached skill level 10 in Shapeshifting
 45948 | Elf:2    | XOM: 3-stop teleportation journey
 45955 | Elf:2    | XOM: swap monsters
 45958 | Elf:2    | XOM: 5-stop teleportation journey
 46177 | Elf:2    | XOM: give mutations
 46177 | Elf:2    | Lost mutation: You expend magic power (3 MP) to strengthen
                  | your wands. [Xom's mischief]
 46177 | Elf:2    | Lost mutation: You are very robust. (+20% HP) [Xom's
                  | mischief]
 46177 | Elf:2    | Lost mutation: You have a pair of small horns on your head.
                  | [Xom's mischief]
 46177 | Elf:2    | Lost mutation: Your spells are harder to cast, but more
                  | powerful. [Xom's mischief]
 46404 | Elf:2    | Found a huge runed translucent gate.
 46404 | Elf:2    | Found a huge runed translucent gate.
 46405 | Elf:2    | Found a huge runed translucent gate.
 46405 | Elf:2    | Found a huge runed translucent gate.
 46405 | Elf:2    | Found a huge runed translucent gate.
 46757 | Vaults:1 | Entered Level 1 of the Vaults
 46953 | Vaults:1 | XOM: silly message
 47257 | Vaults:1 | Reached skill level 7 in Evocations
 47322 | Vaults:1 | XOM: silly message
 47330 | Vaults:1 | XOM: divination: detect creatures
 47540 | Vaults:1 | XOM: noise
 47658 | Vaults:1 | XOM: 3-stop teleportation journey
 47702 | Vaults:1 | XOM: confuse monster(s)
 47710 | Vaults:1 | XOM: cast spell 'Call Canine Familiar'
 47717 | Vaults:1 | XOM: summons 3 friendly demons
 47722 | Vaults:1 | XOM: summons 4 friendly demons
 47725 | Vaults:1 | XOM: polymorph hound -> worm
 47726 | Vaults:1 | XOM: god gift: amulet of guardian spirit
 47728 | Vaults:1 | Reached skill level 8 in Evocations
 47731 | Vaults:1 | XOM: smoke on damage
 47732 | Vaults:1 | XOM: summons 7 friendly demons
 47749 | Vaults:1 | Shot with a bolt by a yaktaur
 47785 | Vaults:1 | Reached skill level 11 in Shapeshifting
 47802 | Vaults:1 | XOM: confuse monster(s)
 47875 | Vaults:1 | XOM: polymorph deep troll -> faun
 47877 | Vaults:1 | XOM: confuse monster(s)
 47985 | Vaults:1 | XOM: cast spell 'Olgreb's Toxic Radiance'
 47987 | Vaults:1 | XOM: cast spell 'Summon Dragon'
 48269 | Vaults:1 | Reached skill level 9 in Evocations
 48563 | Vaults:1 | XOM: scenery: summon butterflies
 48585 | Vaults:1 | XOM: potion effect (attraction)
 48647 | Vaults:1 | XOM: god gift: lajatang {god gift}
 48765 | Vaults:1 | XOM: cloud trail
 48821 | Vaults:2 | XOM: summons friendly hellwing
 48827 | Vaults:2 | Reached skill level 12 in Shapeshifting
 48833 | Vaults:2 | Reached XP level 19. HP: 101/101 MP: 16/39
 49041 | Vaults:2 | XOM: cast spell 'Dispersal'
 49129 | Vaults:2 | XOM: god gift: smoking morningstar {god gift}
 49129 | Vaults:2 | Identified the +0 morningstar of Rofuf {chaos, rPois rC+
                  | Str-3 Int+7} (Xom gifted it to you on level 2 of the
                  | Vaults)
 49142 | Vaults:2 | XOM: divination: detect items
 49190 | Vaults:2 | Paralysed by a formless jellyfish for 1 turns
 49418 | Vaults:2 | Found a staircase to the Crypt.
 49418 | Vaults:2 | Found a basalt altar of Yredelemnul.
 49419 | Vaults:2 | Found an ancient bone altar of Kikubaaqudgha.
 49433 | Vaults:2 | XOM: give mutations
 49433 | Vaults:2 | Gained mutation: You have hidden genetic potential. [Xom's
                  | grace]
 49433 | Vaults:2 | Gained mutation: You passively map a small area around you.
                  | [Xom's grace]
 49433 | Vaults:2 | Gained mutation: You passively dampen the noise of your
                  | surroundings. [Xom's grace]
 49444 | Vaults:2 | XOM: 1-stop teleportation journey
 49445 | Vaults:2 | Reached skill level 13 in Shapeshifting
 49535 | Vaults:2 | XOM: smoke on damage
 49542 | Vaults:2 | XOM: cleaving
 49553 | Vaults:2 | XOM: 3-stop teleportation journey
 49577 | Vaults:2 | XOM: give mutations
 49577 | Vaults:2 | Lost mutation: You are robust. (+10% HP) [Xom's mischief]
 49577 | Vaults:2 | Lost mutation: Your muscles are strong. (Str +4, Int/Dex
                  | -1) [Xom's mischief]
 49878 | Vaults:2 | XOM: summons 2 friendly demons
 49893 | Vaults:2 | Reached skill level 14 in Shapeshifting
 50136 | Vaults:2 | Found a glowing golden altar of the Shining One.
 50137 | Vaults:2 | Found a glowing silver altar of Zin.
 50139 | Vaults:2 | Found a white marble altar of Elyvilon.
 50708 | Vaults:2 | XOM is BORED!
 50731 | Vaults:2 | XOM: smoke on damage
 50786 | Vaults:2 | XOM: give mutations
 50786 | Vaults:2 | Gained mutation: Your flesh is heat resistant. (rF+) [Xom's
                  | grace]
 50786 | Vaults:2 | Gained mutation: You are partially covered in iridescent
                  | scales. (AC +2) [Xom's grace]
 50786 | Vaults:2 | Gained mutation: You are mostly covered in iridescent
                  | scales. (AC +4) [Xom's grace]
 51087 | Vaults:2 | XOM: give mutations
 51087 | Vaults:2 | Gained mutation: You have a pair of small horns on your
                  | head. [Xom's grace]
 51087 | Vaults:2 | Gained mutation: You have a considerably increased
                  | reservoir of magic. (+20% MP) [Xom's grace]
 51087 | Vaults:2 | Gained mutation: You expend magic power (3 MP) to
                  | strengthen your wands. [Xom's grace]
 51087 | Vaults:2 | Gained mutation: Your flesh is cold resistant. (rC+) [Xom's
                  | grace]
 51108 | Vaults:2 | XOM: god gift: 4 atropa-tipped darts
 51231 | Vaults:2 | XOM: give mutations
 51231 | Vaults:2 | Lost mutation: You are agile. (Dex +4, Str/Int -1) [Xom's
                  | mischief]
 51231 | Vaults:2 | Lost mutation: You are mostly covered in iridescent scales.
                  | (AC +4) [Xom's mischief]
 51231 | Vaults:2 | Lost mutation: You occasionally lose the ability to read
                  | scrolls when taking damage. [Xom's mischief]
 51323 | Vaults:3 | Found Gaem's Antique Weapon Emporium.
 51478 | Vaults:3 | Found a magical portal.
 51527 | WizLab   | Entered Alistair's Party Mansion
 51606 | WizLab   | Reached skill level 7 in Stealth
 51710 | WizLab   | XOM: 1-stop teleportation journey
 51713 | WizLab   | XOM: summons 7 friendly demons
 51717 | WizLab   | XOM: chaos upgrade
 51858 | WizLab   | XOM: scenery: 2 doors open
 51868 | WizLab   | XOM: summons 9 friendly demons
 51871 | WizLab   | XOM: polymorph white imp -> iron imp
 51889 | WizLab   | XOM: summons friendly crimson imp
 51892 | WizLab   | Slain by a nagaraja
 51919 | WizLab   | XOM: 3-stop teleportation journey
 52070 | WizLab   | XOM: god gift: scroll of teleportation
 52087 | WizLab   | Reached skill level 8 in Stealth
 52165 | WizLab   | XOM: cleaving
 52278 | WizLab   | Identified the "Reshruwao" (You acquired it in a wizard's
                  | laboratory)
 52278 | WizLab   | Acquired the Incunable of the Entourage and Embers
 52346 | WizLab   | XOM: potion effect (might)
 52375 | WizLab   | XOM: scenery: 1 doors close
 52504 | WizLab   | XOM: give mutations
 52504 | WizLab   | Lost mutation: You expend magic power (3 MP) to strengthen
                  | your wands. [Xom's mischief]
 52504 | WizLab   | Lost mutation: You are extremely strong-willed. (Will+++)
                  | [Xom's mischief]
 52504 | WizLab   | Lost mutation: Your skin changes colour to match your
                  | surroundings (Stealth+). [Xom's mischief]
 52633 | Vaults:3 | XOM: cast spell 'Chain of Chaos'
 52642 | Vaults:3 | XOM: smoke on damage
 52870 | Vaults:3 | Noticed Xtahua
 52933 | Vaults:3 | Reached skill level 15 in Fighting
 52974 | Vaults:3 | Reached XP level 20. HP: 94/97 MP: 44/44
 52977 | Vaults:3 | XOM: summons 4 friendly demons
 52995 | Vaults:3 | Reached skill level 15 in Shapeshifting
 53024 | Vaults:3 | XOM: god gift: potion of mutation
 53238 | Vaults:3 | XOM: polymorph ogre mage -> faun
 53264 | Vaults:3 | XOM: stat loss: -1 Dex (26/27)
 53436 | Vaults:3 | XOM: 1-stop teleportation journey
 53462 | Vaults:3 | XOM: scenery: summon butterflies
 53483 | Vaults:3 | Gained mutation: Your muscles are strong. (Str +4, Int/Dex
                  | -1) [hidden potential]
 53676 | Vaults:3 | XOM: 4-stop teleportation journey
 53773 | Vaults:3 | Reached skill level 1 in Translocations
 53836 | Vaults:3 | Noticed Margery
 53842 | Vaults:3 | XOM: scenery: 1 doors close
 53846 | Vaults:3 | XOM: confuse monster(s)
 53854 | Vaults:3 | Killed Margery
 53855 | Vaults:3 | Reached skill level 16 in Fighting
 53855 | Vaults:3 | Reached skill level 2 in Translocations
 53861 | Vaults:3 | Killed Xtahua
 53862 | Vaults:3 | Reached skill level 3 in Translocations
 53951 | Vaults:3 | XOM: cloud trail
 54193 | Vaults:3 | Noticed Mennas
 54353 | Vaults:3 | Reached skill level 4 in Translocations
 54524 | Vaults:3 | XOM: scenery: 1 doors open, 1 doors close
 54715 | Vaults:4 | XOM: swap monsters
 54738 | Vaults:4 | XOM: 8-stop teleportation journey
 54833 | Vaults:4 | XOM: 2-stop teleportation journey
 54883 | Vaults:4 | Reached skill level 5 in Translocations
 54979 | Vaults:4 | XOM: god gift: staff of conjuration
 55069 | Vaults:4 | XOM: potion effect (might)
 55072 | Vaults:4 | XOM: destruction
 55076 | Vaults:4 | Reached skill level 6 in Translocations
 55349 | Vaults:4 | Reached skill level 17 in Fighting
 55474 | Vaults:4 | Reached skill level 16 in Shapeshifting
 55479 | Vaults:4 | XOM: butterfly on damage
 55717 | Vaults:4 | Reached skill level 7 in Translocations
 55724 | Vaults:4 | Identified the "Cimnomum" (You acquired it on level 4 of
                  | the Vaults)
 55724 | Vaults:4 | Acquired the amulet "Rauwn" {rC+ Regen+}
 55726 | Vaults:4 | Identified the "Tedisamo" (You acquired it on level 4 of
                  | the Vaults)
 55726 | Vaults:4 | Acquired the ring "Zikukon" {rN+ EV+5 Int+3 Stlth+}
 56061 | Vaults:4 | Learned a level 4 spell: Manifold Assault
 56090 | Vaults:4 | XOM: god gift: battleaxe {god gift}
 56132 | Vaults:2 | XOM: god gift: 4 stones
 56314 | D:9      | XOM: god gift: 53 gold pieces
 56434 | Spider:3 | Killed Bai Suzhen
 57206 | Elf:3    | Identified the "Gar Iwee"
 57206 | Elf:3    | Identified the "Plog"
 57206 | Elf:3    | Identified the "Boiphap"
 57206 | Elf:3    | Identified the "Jiffi"
 57206 | Elf:3    | Entered Level 3 of the Elven Halls
 57208 | Elf:3    | Found Mafykkia's Book Shoppe.
 57289 | Elf:3    | Found an ancient bone altar of Kikubaaqudgha.
 57321 | Elf:3    | Paralysed by an air elemental for 1 turns
 57368 | Elf:3    | XOM: summons friendly quasit
 57463 | Elf:3    | Reached skill level 15 in Dodging
 57463 | Elf:3    | Reached skill level 8 in Translocations
 57493 | Elf:3    | XOM: 5-stop teleportation journey
 57735 | Elf:3    | Identified the +7 scimitar of Wonkurol {protect, rElec
                  | Int+2 Dex+4 SInv}
 57741 | Elf:3    | Reached skill level 15 in Unarmed Combat
 57797 | Elf:3    | XOM: potion effect (attraction)
 58228 | Elf:3    | XOM: summons 4 friendly demons
 58271 | Elf:3    | XOM: give mutation
 58271 | Elf:3    | Gained mutation: You are extremely strong-willed. (Will+++)
                  | [Xom's grace]
 58350 | Elf:3    | Identified the +7 trident "Wecut" {protect, rF+}
 58370 | Elf:3    | Identified the ring of Wesidawke {rC+ Str+2}
 58382 | Elf:2    | XOM: noise
 58471 | D:12     | XOM: god gift: 29 gold pieces
 58519 | D:10     | Bought a book of Lightning for 432 gold pieces
 58524 | D:10     | Learned a level 4 spell: Vhi's Electric Charge
 58530 | D:11     | XOM: give mutations
 58530 | D:11     | Gained mutation: You possess an exceptional clarity of
                  | mind. [Xom's grace]
 58530 | D:11     | Gained mutation: You have a pair of horns on your head.
                  | [Xom's grace]
 58530 | D:11     | Gained mutation: Your spells are harder to cast, but more
                  | powerful. [Xom's grace]
 58530 | D:11     | Gained mutation: You are robust. (+10% HP) [Xom's grace]
 58620 | Orc:2    | Bought a potion of haste for 140 gold pieces
 58625 | Orc:2    | Bought the ring of the King {rF+ Int+4} for 565 gold pieces
 58768 | Elf:3    | XOM: give mutations
 58768 | Elf:3    | Gained mutation: You are very robust. (+20% HP) [Xom's
                  | grace]
 58768 | Elf:3    | Gained mutation: You are agile. (Dex +4, Str/Int -1) [Xom's
                  | grace]
 58768 | Elf:3    | Gained mutation: You are mostly covered in iridescent
                  | scales. (AC +4) [Xom's grace]
 58826 | Elf:3    | XOM: summons friendly shadow imp
 58828 | Elf:3    | XOM: summons 4 friendly demons
 58833 | Elf:3    | Reached skill level 9 in Translocations
 59031 | Elf:3    | XOM: fake destruction
 59038 | Elf:3    | Reached skill level 18 in Fighting
 59038 | Elf:3    | Reached skill level 1 in Air Magic
 59257 | Elf:3    | Reached XP level 21. HP: 127/127 MP: 37/46
 59402 | Elf:3    | Identified the +7 dagger "Piuvod Jown" {flame, Fly rC+ MP+9
                  | Dex+2 SInv}
 59490 | Elf:3    | Identified the amulet of Eternal Night {RegenMP rC+ Str+5}
 59490 | Elf:3    | XOM: 6-stop teleportation journey
 59707 | Elf:3    | Identified the +1 buckler of Grace {rN+ Will+ SInv}
 59745 | Elf:3    | XOM: confuse monster(s)
 59745 | Elf:3    | Identified the +8 spear of an ice cave {heavy, rN+}
 59748 | Elf:3    | Reached skill level 2 in Air Magic
 60210 | Depths:1 | Entered Level 1 of the Depths
 60229 | Depths:1 | Gained mutation: Your spells are much harder to cast, but
                  | much more powerful. [hidden potential]
 60229 | Depths:1 | Lost mutation: You have hidden genetic potential. [hidden
                  | potential expressed]
 60240 | Depths:1 | XOM: enchant monster (bad)
 60242 | Depths:1 | XOM: blink monster(s)
 60246 | Depths:1 | XOM: noise
 60252 | Depths:1 | Reached skill level 10 in Translocations
 60259 | Depths:1 | XOM: summons 6 friendly demons
 60641 | Depths:1 | XOM: destruction
 60663 | Depths:1 | XOM: god gift: 47 gold pieces
 60773 | Depths:1 | Found a gateway to Hell.
 60980 | Depths:1 | Reached skill level 3 in Air Magic
 61044 | Depths:1 | Reached skill level 16 in Dodging
 61049 | Depths:1 | XOM: divination: detect items
 61286 | Depths:1 | Found an ornate altar of the Wu Jian Council.
 61577 | Depths:2 | XOM: noise
 61619 | Depths:2 | Found a one-way gate leading to the halls of Pandemonium.
 61736 | Depths:2 | Identified the +5 broad axe "Laluciap" {heavy, Dex+3}
 61915 | Depths:2 | XOM: give mutations
 61915 | Depths:2 | Lost mutation: Your flesh is heat resistant. (rF+) [Xom's
                  | mischief]
 61915 | Depths:2 | Lost mutation: You possess an exceptional clarity of mind.
                  | [Xom's mischief]
 61915 | Depths:2 | Lost mutation: You are agile. (Dex +4, Str/Int -1) [Xom's
                  | mischief]
 62031 | Depths:2 | Reached skill level 11 in Translocations
 62033 | Depths:2 | Reached skill level 4 in Air Magic
 62192 | Depths:2 | XOM: cloud trail
 62372 | Depths:2 | You are sucked into a shaft and drop 1 floor!
 62372 | Depths:3 | Noticed a juggernaut
 62377 | Depths:3 | Killed a juggernaut
 62383 | Depths:3 | Reached skill level 19 in Fighting
 62383 | Depths:3 | Noticed a juggernaut
 62396 | Depths:3 | Killed a juggernaut
 62573 | Depths:3 | XOM: divination: magic mapping
 62574 | Depths:3 | XOM: noise
 62575 | Depths:3 | XOM: 2-stop teleportation journey
 62765 | Depths:2 | XOM: swap monsters
 63058 | Depths:2 | XOM: summons 5 hostile demons
 63199 | Depths:3 | Noticed a dread lich
 63199 | Depths:3 | Found a one-way gateway to a ziggurat.
 63222 | Depths:2 | Reached skill level 16 in Unarmed Combat
 63439 | Depths:3 | XOM: destruction
 63452 | Depths:2 | XOM: give mutations
 63452 | Depths:2 | Lost mutation: You passively map a small area around you.
                  | [Xom's mischief]
 63452 | Depths:2 | Lost mutation: You have a pair of horns on your head.
                  | [Xom's mischief]
 63452 | Depths:2 | Lost mutation: You are extremely strong-willed. (Will+++)
                  | [Xom's mischief]
 63677 | Depths:3 | Reached skill level 12 in Translocations
 63728 | Depths:3 | XOM: polymorph spriggan defender -> minotaur
 63980 | Depths:3 | Found a runed translucent door.
 63980 | Depths:3 | Noticed Iwuqes's ghost (adept MiBe)
 63990 | Depths:3 | XOM: give mutations
 63990 | Depths:3 | Gained mutation: You are somewhat resistant to further
                  | mutation. [Xom's grace]
 63990 | Depths:3 | Gained mutation: You have a pair of horns on your head.
                  | [Xom's grace]
 63990 | Depths:3 | Gained mutation: You passively map a small area around you.
                  | [Xom's grace]
 63993 | Depths:3 | Killed Iwuqes's ghost
 63994 | Depths:3 | Reached skill level 17 in Dodging
 64097 | Depths:3 | XOM: divination: detect items
 64271 | Depths:3 | Killed a dread lich
 64365 | Depths:3 | Found a one-way gate to the infinite horrors of the Abyss.
 64572 | Depths:3 | Reached XP level 22. HP: 134/134 MP: 39/47
 64721 | Depths:3 | XOM: god gift: +5 longbow of electrocution
 64792 | Depths:3 | XOM: scenery: create altars
 64793 | Depths:3 | Reached skill level 13 in Translocations
 64825 | Depths:3 | XOM: cloud trail
 64862 | Depths:3 | XOM: give mutations
 64862 | Depths:3 | Lost mutation: You passively map a small area around you.
                  | [Xom's mischief]
 64862 | Depths:3 | Lost mutation: You have a pair of horns on your head.
                  | [Xom's mischief]
 64862 | Depths:3 | Lost mutation: You have a moderately thin skeletal
                  | structure. (Dex +4, Stealth++) [Xom's mischief]
 64979 | Depths:3 | XOM: noise
 65209 | Depths:3 | XOM: summons 1 hostile demon
 65325 | Depths:3 | XOM: blink monster(s)
 65463 | Depths:3 | XOM: summons 2 hostile demons
 65476 | Depths:3 | XOM: summons 12 hostile demons
 65811 | Depths:4 | Entered Level 4 of the Depths
 65988 | Depths:4 | XOM: blink monster(s)
 66037 | Depths:4 | Found a gate to the Realm of Zot.
 66085 | Depths:4 | Identified the dragon-blood talisman of the Serpent {rF+
                  | Str+4 Int-5}
 66087 | Depths:4 | Noticed a juggernaut
 66095 | Depths:4 | Killed a juggernaut
 66189 | Depths:4 | Noticed Grunn
 66194 | Depths:4 | Reached skill level 18 in Dodging
 66199 | Depths:4 | Reached skill level 14 in Translocations
 66208 | Depths:4 | Killed Grunn
 66217 | Depths:4 | Noticed a caustic shrike
 66217 | Depths:4 | Noticed a caustic shrike
 66226 | Depths:4 | Killed a caustic shrike
 66226 | Depths:4 | Killed a caustic shrike
 66233 | Depths:4 | Noticed a caustic shrike
 66493 | Depths:3 | XOM: noise
 66629 | Depths:4 | Found a corrupted altar of Lugonu.
 66629 | Depths:4 | XOM: 1-stop teleportation journey
 66634 | Depths:4 | XOM: stat loss: -1 Dex (25/26)
 66638 | Depths:4 | XOM: summons 7 hostile demons
 66765 | Depths:3 | XOM: summons 3 hostile shadow creatures
 66903 | Depths:2 | XOM: draining
 66923 | Depths:4 | XOM: polymorph sphinx -> fenstrider witch
 66929 | Depths:3 | Reached skill level 17 in Unarmed Combat
 67036 | Depths:3 | XOM: noise
 67088 | Depths:3 | Reached skill level 20 in Fighting
 67158 | Depths:3 | XOM: summons 5 hostile demons
 67278 | Depths:4 | XOM: 5-stop teleportation journey
 67287 | Depths:4 | Noticed a juggernaut
 67297 | Depths:4 | XOM: blink monster(s)
 67309 | Depths:4 | Killed a juggernaut
 67310 | Depths:4 | Reached skill level 15 in Translocations
 67404 | Depths:4 | Noticed a caustic shrike
 67404 | Depths:4 | Noticed a caustic shrike
 67404 | Depths:4 | XOM: 2-stop teleportation journey
 67408 | Depths:4 | Killed a caustic shrike
 67410 | Depths:4 | Killed a caustic shrike
 67411 | Depths:4 | Reached skill level 19 in Dodging
 67414 | Depths:4 | Killed a caustic shrike
 67688 | Depths:4 | Found a shadowy altar of Dithmenos.
 67731 | Depths:4 | Found Pomulox's Antique Weapon Emporium.
 67738 | Depths:4 | Found Wumof's General Store.
 67748 | Depths:4 | Bought a potion of cancellation for 104 gold pieces
 67748 | Depths:4 | Bought a scroll of fear for 52 gold pieces
 68039 | Depths:4 | XOM: cloud trail
 68433 | Crypt:1  | Entered Level 1 of the Crypt
 68489 | Crypt:1  | Reached skill level 16 in Translocations
 68787 | Crypt:1  | XOM: chaos upgrade
 68890 | Crypt:1  | XOM: smoke on damage
 68898 | Crypt:1  | XOM: divination: magic mapping
 68900 | Crypt:1  | XOM: enchant monster (bad)
 69243 | Crypt:1  | XOM: swap monsters
 69293 | Crypt:1  | XOM: noise
 69352 | Crypt:1  | XOM: potion effect (attraction)
 69385 | Crypt:1  | Reached XP level 23. HP: 140/140 MP: 48/48
 69396 | Crypt:1  | Reached skill level 20 in Dodging
 69399 | Crypt:1  | Reached skill level 17 in Translocations
 69676 | Crypt:2  | XOM: silly message
 69892 | Crypt:2  | Reached skill level 18 in Translocations
 69904 | Crypt:2  | XOM: divination: detect items
 69913 | Crypt:2  | XOM: divination: detect items
 69975 | Crypt:1  | XOM: silly message
 70418 | Crypt:2  | Reached skill level 19 in Translocations
 70444 | Crypt:3  | Entered Level 3 of the Crypt
 70507 | Crypt:3  | XOM: divination: detect creatures
 70534 | Crypt:3  | XOM: cast spell 'Leda's Liquefaction'
 70547 | Crypt:3  | XOM: divination: detect creatures
 70662 | Crypt:2  | XOM: enchant monster (good)
 70741 | Crypt:3  | XOM: cloud trail
 70940 | Crypt:3  | XOM: divination: magic mapping
 70958 | Crypt:3  | Reached skill level 20 in Translocations
 70973 | Crypt:3  | Found a basalt altar of Yredelemnul.
 71120 | Crypt:3  | XOM: divination: magic mapping
 71359 | Crypt:3  | XOM: noise
 71404 | Crypt:3  | XOM: noise
 71425 | Crypt:3  | XOM: cast spell 'Summon Hydra'
 71709 | Crypt:3  | Reached skill level 13 in Spellcasting
 72027 | Crypt:3  | Found a staircase to the Tomb.
 72608 | Crypt:3  | XOM: divination: detect items
 72689 | Crypt:3  | XOM: noise
 72971 | Vaults:3 | XOM is BORED!
 72971 | Vaults:3 | XOM: noise
 73028 | Vaults:5 | Entered Level 5 of the Vaults
 73105 | Vaults:5 | Reached skill level 17 in Shapeshifting
 73188 | Vaults:5 | Learned a level 1 spell: Apportation
 73191 | Vaults:5 | Learned a level 2 spell: Blink
 73198 | Vaults:5 | Learned a level 6 spell: Dispersal
 73202 | Vaults:5 | Learned a level 2 spell: Sublimation of Blood
 73448 | Vaults:5 | Reached skill level 1 in Necromancy
 73566 | Vaults:5 | XOM: potion effect (attraction)
 73576 | Vaults:5 | XOM: blink monster(s)
 73636 | Vaults:5 | XOM: summons 1 hostile demon
 73691 | Vaults:5 | Reached skill level 2 in Necromancy
 73778 | Vaults:5 | Identified the +9 sling "Hateok" {flame, rElec rPois Int+2
                  | Stlth-}
 73859 | Vaults:5 | Noticed an ancient lich
 73860 | Vaults:5 | Reached XP level 24. HP: 124/146 MP: 49/49
 73865 | Vaults:5 | Reached skill level 18 in Unarmed Combat
 73984 | Vaults:5 | Killed an ancient lich
 73985 | Vaults:5 | Reached skill level 3 in Necromancy
 74053 | Vaults:5 | XOM: confusion
 74191 | Vaults:5 | Identified the ring "Rucaopenn" {*Slow +Blink rN+ rCorr}
 74276 | Vaults:5 | Reached skill level 14 in Spellcasting
 74296 | Vaults:5 | XOM: smoke on damage
 74423 | Vaults:5 | Reached skill level 4 in Necromancy
 74497 | Vaults:5 | XOM: give mutation
 74497 | Vaults:5 | Lost mutation: Your flesh is cold resistant. (rC+) [Xom's
                  | mischief]
 74697 | Vaults:5 | XOM: stat loss: -1 Str (21/22)
 74889 | Vaults:5 | XOM: torment (102/219 hp)
 74891 | Vaults:5 | XOM: cleaving
 74948 | Vaults:5 | XOM: summons 1 hostile demon
 75073 | Vaults:5 | Reached skill level 5 in Necromancy
 75076 | Vaults:5 | XOM: blink monster(s)
 75438 | Vaults:5 | Found the crystal ball of Wucad Mu {*channel}
 75645 | Vaults:5 | Identified the +1 long sword of Ashul {flame, rElec}
 75645 | Vaults:5 | Identified the ring "Hufri" {Int+5 SInv}
 75653 | Vaults:5 | XOM: silly message
 75669 | Vaults:5 | XOM: smoke on damage
 76117 | Vaults:5 | Reached skill level 6 in Necromancy
 76117 | Vaults:5 | Reached skill level 18 in Shapeshifting
 76182 | Vaults:5 | XOM: summons 4 hostile demons
 76194 | Vaults:5 | Identified the +4 demon blade "Tockef" {venom, +Blink rCorr
                  | Stlth-}
 76269 | Vaults:5 | XOM: torment (122/219 hp)
 76317 | Vaults:5 | XOM: give mutations
 76317 | Vaults:5 | Lost mutation: You have a pair of small horns on your head.
                  | [Xom's mischief]
 76317 | Vaults:5 | Lost mutation: You are mostly covered in iridescent scales.
                  | (AC +4) [Xom's mischief]
 76317 | Vaults:5 | Lost mutation: Your spells are much harder to cast, but
                  | much more powerful. [Xom's mischief]
 76524 | Vaults:5 | XOM: 9-stop teleportation journey
 77026 | Vaults:5 | Got a silver rune of Zot
 77350 | Zot:1    | Entered Level 1 of the Realm of Zot
 77378 | Zot:1    | Reached skill level 19 in Unarmed Combat
 77405 | Zot:1    | XOM: silly message
 77474 | Zot:2    | Noticed a Killer Klown
 77492 | Zot:2    | Killed a Killer Klown
 77606 | Zot:3    | XOM: god gift: 2 stones
 77732 | Zot:2    | Noticed an orb of fire
 77733 | Zot:2    | XOM: noise
 77739 | Zot:2    | Gained mutation: You sometimes lose your temper in combat.
                  | [an orb of fire]
 77748 | Zot:2    | Killed an orb of fire
 77750 | Zot:2    | Lost mutation: Your muscles are strong. (Str +4, Int/Dex
                  | -1) [potion of mutation]
 77750 | Zot:2    | Lost mutation: You are partially covered in iridescent
                  | scales. (AC +2) [potion of mutation]
 77750 | Zot:2    | Lost mutation: You have a somewhat thin skeletal structure.
                  | (Dex +2, Stealth+) [potion of mutation]
 77751 | Zot:2    | Lost mutation: You are somewhat resistant to further
                  | mutation. [potion of mutation]
 77751 | Zot:2    | Lost mutation: You have a considerably increased reservoir
                  | of magic. (+20% MP) [potion of mutation]
 77751 | Zot:2    | Lost mutation: Your spells are harder to cast, but more
                  | powerful. [potion of mutation]
 77751 | Zot:2    | Gained mutation: You are partially covered in large bone
                  | plates. (SH +4) [potion of mutation]
 77768 | Zot:2    | Reached skill level 15 in Spellcasting
 77800 | Zot:2    | XOM: cloud trail
 77801 | Zot:2    | Lost mutation: Your spells are a little harder to cast, but
                  | a little more powerful. [potion of mutation]
 77801 | Zot:2    | Lost mutation: You passively dampen the noise of your
                  | surroundings. [potion of mutation]
 77801 | Zot:2    | Lost mutation: You sometimes lose your temper in combat.
                  | [potion of mutation]
 77801 | Zot:2    | Gained mutation: You are agile. (Dex +4, Str/Int -1)
                  | [potion of mutation]
 77906 | Zot:5    | Entered Level 5 of the Realm of Zot
 78086 | Zot:5    | XOM: summons 2 hostile demons
 78090 | Zot:5    | Noticed a dread lich
 78090 | Zot:5    | Noticed a Killer Klown
 78090 | Zot:5    | Noticed an ancient lich
 78090 | Zot:5    | XOM: 1-stop teleportation journey
 78093 | Zot:5    | Noticed a Killer Klown
 78093 | Zot:5    | Noticed a dread lich
 78095 | Zot:5    | Got the Orb of Zot
 78128 | Zot:5    | XOM: swap monsters
 78142 | Zot:5    | XOM: divine lightning
 78180 | Zot:5    | Noticed Zoiti the pandemonium lord
 78290 | Depths:4 | XOM: enchant monster (good)
 78323 | Depths:2 | XOM: cloud trail
 78391 | D:15     | Reached XP level 25. HP: 151/151 MP: 36/47
 78429 | D:14     | XOM: divination: detect items
 78451 | D:14     | Reached skill level 20 in Unarmed Combat
 78453 | D:14     | XOM: give mutations
 78453 | D:14     | Gained mutation: You are extremely strong-willed. (Will+++)
                  | [Xom's mischief]
 78453 | D:14     | Gained mutation: Your system is resistant to poisons.
                  | (rPois) [Xom's mischief]
 78453 | D:14     | Gained mutation: You expend magic power (3 MP) to
                  | strengthen your wands. [Xom's mischief]
 78453 | D:14     | Gained mutation: Your spells are a little easier to cast,
                  | but a little less powerful. [Xom's mischief]
 78706 | D:$      | Escaped with the Orb!

Illustrated notes

Levels and vault maps discovered:
D:1:      lemuel_arrival_broad_hall, layout_rooms
D:2:      layout_basic
D:3:      layout_loops_cross, mainiacjoe_overflow_catwalk,
          mainiacjoe_overflow_cross_hatched, reono_crystal_passage,
          mrwooster_statue_mirror
D:4:      layout_rooms, pf_just_have_faith, fedhas_altar_3,
          minmay_misc_feat_room, chequers_serial_rivers_micro_b, uniq_edmund,
          uniq_grinder
D:5:      layout_loops_corners, nicolae_elyvilon_temple_path, serial_aquarium,
          aquarium_bridge_straight [aquarium_subvault_bridge,
          aquarium_subvault_wall, aquarium_subvault_bridge,
          aquarium_subvault_wall], aquarium_bridge_square
          [aquarium_subvault_balcony, aquarium_subvault_bridge,
          aquarium_subvault_balcony, aquarium_subvault_wall],
          aquarium_window_fake, aquarium_window_1, aquarium_view_4,
          aquarium_pool_side
D:6:      layout_cave_pools, general_overflow_altar, uniq_crazy_yiuf_cottage
D:7:      layout_rooms, minmay_temple_entry_statues_pillars
D:8:      minmay_chambers_of_sevens, layout_layer_cave, serial_shops,
          shop_coins, shop, shop, shop, shop, uniq_erica
D:9:      layout_irregular_city, kiku_gazebo_pond_becter, lair_entry_dummy,
          minmay_misc_feat_tiny
D:10:     layout_loops_corners, serial_shops, nicolae_shop_crystal
D:11:     layout_loops_cross, nicolae_trove_entry_crossroad
D:12:     layout_irregular_city, orc_0_dummy, uniq_josephine, uniq_snorg,
          uniq_nessos
D:13:     minmay_coctagon, layout_long_grid, grunt_vaults_entry_tiered,
          laboratory
D:14:     layout_roguey, minmay_misc_feat_tower, minmay_misc_feat_nine_boxes,
          uniq_rupert
D:15:     gammafunk_depths_entry_grave, layout_grid_maze, serial_park_square1
          [serial_park_minivault_5x5_5]
Lair:1:   gammafunk_cloud_chamber, layout_regular_city,
          gammafunk_ghost_necromancy
Lair:2:   layout_regular_city, minmay_swamp_entry_worms, hangedman_tree_tricks,
          minivault_24
Lair:3:   layout_regular_city, spider_nest_entry_a, lemuel_fruit_tree
Lair:4:   layout_roguey, slime_entry_1, nicolae_lair_lindhole
Lair:5:   evilmike_catoblepas_cave, layout_gridlike, gammafunk_ghost_arena,
          gauntlet_entry_generic, grunt_megastairs_1
Swamp:1:  nicolae_swamp_long_stream, layout_basic_swamp,
          evilmike_swamp_ruin_house_5
Swamp:2:  layout_falls_marsh, nicolae_swamp_tree_designs, swamp_pool4,
          uniq_louise
Swamp:3:  layout_basic_swamp, evilmike_swamp_ruin_house_6, swamp_pool3,
          nzn_swamp_weyward_sisters, uniq_aizul, uniq_jorgrun
Swamp:4:  swamp, layout_basic_swamp, infiniplex_staircase_pool, uniq_mlioglotl
Spider:1: layout_spider_delve
Spider:2: layout_spider_delve, drop_trap, nicolae_looking_at_the_future
Spider:3: layout_spider_delve, drop_trap, uniq_bai_suzhen
Spider:4: hellmonk_spider_rune_bug_friends
Orc:1:    layout_caves, nicolae_volcano_entry_s_turn, mines3_lemuel, uniq_fannar
Orc:2:    grunt_orc_tribal_feast, layout_caves
Elf:1:    minmay_elf_arrival_plus, layout_gridlike, serial_shops,
          nicolae_shop_competitors_out_of_business, hangedman_elf_represent
Elf:2:    elven_hall_of_blades_hangedman_alternative
          [nicolae_blade_entry_area_security], layout_loops_ring
Elf:3:    minmay_elf_hall_furrowed, layout_loops_cross, basic_altar,
          serial_shops, nicolae_shop_pleasant_corner_grove
Vaults:1: nicolae_vaults_hallways_thing, ontoclasm_vaults_spin,
          nicolae_vaults_little_squares_1, vaults_room_corners,
          nicolae_vaults_steering_wheel, serial_ice_m, nicolae_vaults_house_3,
          hangedman_vaults_pinch, nicolae_vaults_double_plus_2,
          nicolae_vaults_angled_halls, nicolae_vaults_tetromino_Z_1,
          nicolae_vaults_mini_display_case, nicolae_vaults_variable_pillar_hall,
          layout_vaults_omnicross
Vaults:2: portal_desolation_entry_holy_temple, nicolae_vaults_halls_meeting,
          nicolae_vaults_tetromino_Z_1, minmay_crypt_entry_necro_gods,
          nicolae_vaults_circle_grid_a, vaults_room_pools,
          nicolae_vaults_offset_grid_hallway_3, ontoclasm_vaults_shuriken,
          dpeg_vaults_monster_row, nicolae_vaults_storage_closets_3,
          hangedman_vaults_hat, nicolae_vaults_little_squares_3,
          nicolae_vaults_double_plus_1, nicolae_vaults_little_squares_2,
          nicolae_vaults_double_plus_2, layout_vaults_omnibox
Vaults:3: mu_enter_wizlab_5, nicolae_vaults_tangram_1,
          nicolae_vaults_layer_cake_slice, nicolae_vaults_trapezoid_2,
          v_misc_22, nicolae_vaults_thirteen_compartments,
          nicolae_vaults_ring_of_whatevers, vaults_dpeg_ring,
          nicolae_vaults_network_quincunx
          [nicolae_vaults_network_quincunx_subvault,
          nicolae_vaults_network_quincunx_subvault,
          nicolae_vaults_network_quincunx_subvault,
          nicolae_vaults_network_quincunx_subvault,
          nicolae_vaults_network_quincunx_subvault],
          nicolae_vaults_circle_grid_a, nicolae_vaults_network_quinsquares
          [nicolae_vaults_network_quincunx_subvault,
          nicolae_vaults_network_quincunx_subvault,
          nicolae_vaults_network_quincunx_subvault,
          nicolae_vaults_network_quincunx_subvault], layout_vaults_maze_bifur,
          serial_shops, nicolae_shop_peninsula, uniq_margery, uniq_mennas,
          uniq_xtahua
Vaults:4: nicolae_vaults_lightning_bolt, hangedman_vaults_capsules,
          nicolae_vaults_sightless_eye, vaults_room_grunt_arrival_checkpoint,
          nicolae_vaults_big_ls, v_misc_12, v_pattern_1,
          ontoclasm_vaults_decontamination, nicolae_vaults_trapezoid_2,
          nicolae_vaults_angled_halls, vaults_room_hangedman_quadrants,
          layout_vaults_ring
Vaults:5
Crypt:1:  layout_misc_corridors
Crypt:2:  layout_gridlike
Crypt:3:  due_elkab, layout_chaotic_city, lemuel_mausoleum_altar_yredelemnul
Depths:1: layout_cave_pools, hangedman_coc_ice_floe, nzn_wu_jian_council_hall,
          hangedman_research_metamorphosis
Depths:2: minmay_tri_box, layout_gridlike, hell_entry, minmay_hedge_maze,
          pan_entry, skrybe_limestone_x
Depths:3: thingy_vault, layout_gridlike, enter_ziggurat_c, pan_entry,
          abyss_entry_crystal, grunt_hell_entry_demonic_statue,
          hellmonk_ghost_happy_afterlife, serial_bayou_lake_a,
          infiniplex_staircase_x
Depths:4: evilmike_zot_entry_argh, layout_cave_shapes, hell_entry,
          abyss_entry_flame_altar, grunt_dithmenos_smoke, minmay_shoptagon,
          uniq_grunn
Zot:1:    layout_basic, regret_index_zotdec_banners
Zot:2:    layout_basic
Zot:3:    nicolae_moth_party, layout_gridlike, st_stairs_11, uniq_josephina
Zot:4:    layout_gridville, nicolae_transmutations_shop
Zot:5:    layout_basic

Skill      XL: |  1  2  3  4  5  6  7  8  9 10 11 12 13 14 15 16 17 18 19 20 21 22 23 24 25 |
---------------+----------------------------------------------------------------------------+-----
Stealth        | 2 3 6 8 |  8.6
Unarmed Combat | 4 5 6 7 8 10 13 14 15 16 17 19 20 | 20.0
Dodging        | 4 6 7 8 10 12 14 15 17 19 20 | 20.0
Fighting       | 4 5 7 8 10 11 13 14 15 18 19 20 | 20.0
Evocations     | 1 3 4 6 9 |  9.0
Spellcasting   | 1 3 4 6 8 9 10 11 12 13 15 | 15.4
Conjurations   | 1 3 6 7 8 |  8.0
Transmutations | 2 4 7 10 11 12 | 12.7
Earth Magic    | 4 8 |  8.8
Poison Magic   | 8 10 | 10.0
Shapeshifting  | 2 9 12 14 16 17 18 | 18.8
Translocations | 9 12 16 20 | 20.1
Air Magic      | 1 4 |  4.0
Necromancy     | 2 6 |  6.0

Action                     |  1- 3 |  4- 6 |  7- 9 | 10-12 | 13-15 | 16-18 | 19-21 | 22-24 | 25-27 || total
---------------------------+-------+-------+-------+-------+-------+-------+-------+-------+-------++-------
  Melee: Unarmed           |    85 |    96 |   231 |   502 |   807 |   443 |   922 |  1596 |    39 ||  4721
         Bite              |     3 |    11 |    28 |    81 |   165 |    84 |   106 |   151 |     2 ||   631
         Punch             |       |     3 |    15 |    38 |    66 |    48 |    87 |   133 |     1 ||   391
         Headbutt          |       |       |       |       |       |    59 |    75 |       |       ||   134
         Maw               |       |       |       |       |       |    57 |   160 |       |       ||   217
         Tailslap          |       |       |       |       |       |       |    42 |   208 |     5 ||   255
   Cast: Stone Arrow       |       |       |       |    35 |   203 |   203 |    25 |       |       ||   466
         Petrify           |       |       |       |    24 |    85 |    94 |    15 |     1 |       ||   219
         Irradiate         |       |       |       |    16 |   114 |    98 |    36 |    14 |       ||   278
         Olgreb's Toxic Ra |       |       |       |       |    45 |   162 |   104 |       |       ||   311
         Ignite Poison     |       |       |       |       |    27 |   106 |    58 |       |       ||   191
         Passwall          |       |       |       |       |     3 |     9 |       |     5 |       ||    17
         Lesser Beckoning  |       |       |       |       |       |     4 |       |     2 |       ||     6
         Alistair's Intoxi |       |       |       |       |       |     3 |    10 |       |       ||    13
         Mephitic Cloud    |       |       |       |       |       |     2 |     1 |       |       ||     3
         Manifold Assault  |       |       |       |       |       |       |   262 |   519 |    16 ||   797
         Vhi's Electric Ch |       |       |       |       |       |       |    20 |    53 |     3 ||    76
         Sublimation of Bl |       |       |       |       |       |       |       |    52 |     1 ||    53
         Apportation       |       |       |       |       |       |       |       |     1 |       ||     1
         Blink             |       |       |       |       |       |       |       |     1 |       ||     1
Ability: Breathe Fire      |       |       |       |       |       |       |     4 |     3 |       ||     7
  Evoke: Wand              |     1 |     4 |     8 |     7 |     8 |    15 |    11 |    17 |       ||    71
         Lightning rod     |       |       |       |       |    11 |    10 |       |       |       ||    21
         Phial of floods   |       |       |       |       |     2 |     2 |     1 |       |       ||     5
         Phantom mirror    |       |       |       |       |       |     1 |     1 |       |       ||     2
         Tin of tremorston |       |       |       |       |       |       |     2 |     4 |       ||     6
    Use: Scroll            |     7 |     4 |     2 |     6 |    12 |    11 |    14 |    16 |       ||    72
         Potion            |     2 |       |     1 |     3 |     4 |     3 |     6 |    14 |     3 ||    36
   Stab: Sleeping          |     7 |     2 |    10 |     6 |     8 |    15 |    59 |    41 |       ||   148
         Paralysed         |       |       |     3 |     3 |     1 |     1 |     2 |       |       ||    10
         Confused          |       |       |     1 |     3 |     4 |     8 |     6 |     3 |       ||    25
         Petrified         |       |       |       |    32 |    69 |    84 |     2 |     3 |       ||   190
         Petrifying        |       |       |       |     3 |    11 |    18 |     1 |     1 |       ||    34
         Distracted        |       |       |       |       |     3 |     4 |     2 |     7 |       ||    16
         Invisible         |       |       |       |       |       |       |       |     2 |       ||     2
 Armour: Skin              |    25 |    23 |    43 |   177 |   373 |   256 |   321 |   474 |    12 ||  1704
  Dodge: Dodged            |    49 |    65 |   178 |   509 |  1382 |   896 |   660 |   888 |    14 ||  4641
  Block: Other             |       |       |       |       |    89 |   161 |    75 |       |       ||   325
         Reflection        |       |       |       |       |     1 |     8 |     5 |       |       ||    14
   Form: Maw               |       |       |       |       |       |     1 |       |       |       ||     1
         Dragon            |       |       |       |       |       |       |     2 |       |       ||     2
                           |       |       |       |       |       |       |     1 |       |       ||     1

Table legend: (Time is in decaauts)
 A = Elapsed time spent in this place.
 B = Non-inter-level travel time spent in this place.
 C = Inter-level travel time spent in this place.
 D = Time resting spent in this place.
 E = Time spent auto-exploring this place.
 F = Levels seen in this place.
 G = Mean time per level.
                   A        B        C        D        E       F      G
               +--------+--------+--------+--------+--------+-----+--------+
         Total |  72666 |  68044 |   4622 |  14962 |  39163 |  52 | 1397.4 |
       Dungeon |  16738 |  14959 |   1779 |   2564 |   8561 |  15 | 1115.9 |
          Lair |   7811 |   7241 |    570 |   1575 |   4406 |   5 | 1562.2 |
         Swamp |   6856 |   6720 |    136 |   2501 |   2927 |   4 | 1714.0 |
   Spider Nest |   6691 |   6186 |    505 |   1746 |   3269 |   4 | 1672.8 |
  Orcish Mines |   3108 |   2813 |    295 |    925 |   1235 |   2 | 1554.0 |
   Elven Halls |   5366 |   4969 |    397 |   1564 |   2736 |   3 | 1788.7 |
        Vaults |  11797 |  11373 |    424 |   1535 |   7668 |   5 | 2359.4 |
         Crypt |   4335 |   4199 |    136 |    312 |   3036 |   3 | 1445.0 |
        Depths |   7733 |   7363 |    370 |   1429 |   4904 |   4 | 1933.2 |
           Zot |    836 |    831 |      5 |    224 |    148 |   5 |  167.2 |
        Wizlab |    946 |    946 |      0 |    450 |    148 |   1 |  946.0 |
      Gauntlet |    445 |    445 |      0 |    132 |    122 |   1 |  445.0 |
               +--------+--------+--------+--------+--------+-----+--------+

Top non-repeatable levels by time:
Vaults:5: 3896 daAuts
Depths:3: 3646 daAuts
Spider:3: 2991 daAuts
    D:13: 2648 daAuts
 Crypt:3: 2239 daAuts
 Swamp:1: 2207 daAuts
Vaults:1: 2175 daAuts
   Elf:3: 2171 daAuts
Vaults:2: 2161 daAuts
Vaults:3: 2101 daAuts
    D:15: 2033 daAuts
Depths:2: 1977 daAuts
  Lair:5: 1915 daAuts
 Swamp:3: 1874 daAuts
  Lair:3: 1627 daAuts

Table legend:
 A = Kills in this place as a percentage of kills in the entire game.
 B = Kills by you in this place as a percentage of kills by you in the entire game.
 C = Kills by friends in this place as a percentage of kills by friends in the entire game.
 D = Other kills in this place as a percentage of other kills in the entire game.
 E = Experience gained in this place as a percentage of experience gained in the entire game.
 F = Experience gained in this place divided by the number of levels of this place that you have seen.
                   A       B       C       D       E      F
               +-------+-------+-------+-------+-------+----------------------
         Total | 100.0 | 100.0 | 100.0 | 100.0 | 100.0 | 22246.4
       Dungeon |  17.4 |  17.2 |  29.0 |  16.7 |   6.7 | 5150.5
          Lair |   7.6 |   7.5 |  12.9 |   8.3 |   4.2 | 9609.4
         Swamp |   6.8 |   6.3 |  29.0 |  25.0 |   6.6 | 18977.2
   Spider Nest |   9.0 |   9.1 |   6.5 |   0.0 |   7.3 | 21072.8
  Orcish Mines |   6.0 |   6.1 |   0.0 |   0.0 |   1.4 | 8219.0
   Elven Halls |   5.5 |   5.6 |   0.0 |   8.3 |   7.3 | 28209.0
        Vaults |  21.3 |  21.6 |   3.2 |  25.0 |  28.8 | 66658.0
         Crypt |  11.0 |  11.2 |   0.0 |   0.0 |  12.1 | 46660.3
        Depths |  11.4 |  11.3 |  19.4 |   8.3 |  18.2 | 52643.0
           Zot |   2.0 |   2.0 |   0.0 |   8.3 |   4.5 | 10495.6
        Wizlab |   2.0 |   2.0 |   0.0 |   0.0 |   2.8 | 32669.0
      Gauntlet |   0.1 |   0.1 |   0.0 |   0.0 |   0.1 | 1254.0
               +-------+-------+-------+-------+-------+----------------------
